%YAML 1.1
%TAG !u! tag:unity3d.com,2011:
--- !u!1 &2215849251030579583
GameObject:
  m_ObjectHideFlags: 0
  m_CorrespondingSourceObject: {fileID: 0}
  m_PrefabInstance: {fileID: 0}
  m_PrefabAsset: {fileID: 0}
  serializedVersion: 6
  m_Component:
  - component: {fileID: 8945981681571661019}
  m_Layer: 0
  m_Name: Cementerio
  m_TagString: Untagged
  m_Icon: {fileID: 0}
  m_NavMeshLayer: 0
  m_StaticEditorFlags: 0
  m_IsActive: 1
--- !u!4 &8945981681571661019
Transform:
  m_ObjectHideFlags: 0
  m_CorrespondingSourceObject: {fileID: 0}
  m_PrefabInstance: {fileID: 0}
  m_PrefabAsset: {fileID: 0}
  m_GameObject: {fileID: 2215849251030579583}
  serializedVersion: 2
  m_LocalRotation: {x: 0, y: 0, z: 0, w: 1}
  m_LocalPosition: {x: 0, y: 0, z: 0}
  m_LocalScale: {x: 1, y: 1, z: 1}
  m_ConstrainProportionsScale: 0
  m_Children:
  - {fileID: 3886758495749919658}
  - {fileID: 8299141094535494048}
  - {fileID: 7040941039595503238}
  - {fileID: 4427962159966275403}
  - {fileID: 1539686584269087660}
  - {fileID: 6293929894284027918}
  - {fileID: 232029640639736043}
  - {fileID: 54767914494452087}
  - {fileID: 672375165925829108}
  - {fileID: 4324681438592538747}
  - {fileID: 6735325954316117451}
  - {fileID: 4012741227051024700}
  - {fileID: 3309247126185283865}
  - {fileID: 5888268590094619660}
  - {fileID: 2160223660297002169}
  - {fileID: 2888514265973210399}
  - {fileID: 8642600039918073153}
  - {fileID: 4259365250893929879}
  - {fileID: 2188563990959620943}
  - {fileID: 7525044568146951899}
  - {fileID: 3992151824375449840}
  - {fileID: 5692681802218266019}
  - {fileID: 2354219669045562465}
  - {fileID: 1461129074543173062}
  - {fileID: 2127150553012302649}
  - {fileID: 5420247422845860562}
  - {fileID: 973550719987833988}
  - {fileID: 5490158633483237732}
  - {fileID: 9019183562475220267}
  - {fileID: 6822177830794788765}
  - {fileID: 6812089394973447663}
  - {fileID: 4823533440140020617}
  - {fileID: 1756636212923362584}
  - {fileID: 6467980399150157661}
  - {fileID: 7488180002697960004}
  - {fileID: 2088194025829280391}
  - {fileID: 2743998035235101909}
  - {fileID: 8120788753676961374}
  - {fileID: 9073300448711833782}
  - {fileID: 8015680014361885131}
  - {fileID: 4201611815595963549}
  - {fileID: 7801473880888087758}
  m_Father: {fileID: 0}
  m_LocalEulerAnglesHint: {x: 0, y: 0, z: 0}
--- !u!1001 &54767914493986953
PrefabInstance:
  m_ObjectHideFlags: 0
  serializedVersion: 2
  m_Modification:
    serializedVersion: 3
    m_TransformParent: {fileID: 8945981681571661019}
    m_Modifications:
    - target: {fileID: 469502, guid: 04c36f15bbecd854cab50deedb5c594f, type: 3}
      propertyPath: m_RootOrder
      value: 2599
      objectReference: {fileID: 0}
    - target: {fileID: 469502, guid: 04c36f15bbecd854cab50deedb5c594f, type: 3}
      propertyPath: m_LocalScale.x
      value: -1
      objectReference: {fileID: 0}
    - target: {fileID: 469502, guid: 04c36f15bbecd854cab50deedb5c594f, type: 3}
      propertyPath: m_LocalPosition.x
      value: 631
      objectReference: {fileID: 0}
    - target: {fileID: 469502, guid: 04c36f15bbecd854cab50deedb5c594f, type: 3}
      propertyPath: m_LocalPosition.y
      value: 16.5
      objectReference: {fileID: 0}
    - target: {fileID: 469502, guid: 04c36f15bbecd854cab50deedb5c594f, type: 3}
      propertyPath: m_LocalPosition.z
      value: 425
      objectReference: {fileID: 0}
    - target: {fileID: 469502, guid: 04c36f15bbecd854cab50deedb5c594f, type: 3}
      propertyPath: m_LocalRotation.w
      value: 0.000002324581
      objectReference: {fileID: 0}
    - target: {fileID: 469502, guid: 04c36f15bbecd854cab50deedb5c594f, type: 3}
      propertyPath: m_LocalRotation.x
      value: -0
      objectReference: {fileID: 0}
    - target: {fileID: 469502, guid: 04c36f15bbecd854cab50deedb5c594f, type: 3}
      propertyPath: m_LocalRotation.y
      value: -1
      objectReference: {fileID: 0}
    - target: {fileID: 469502, guid: 04c36f15bbecd854cab50deedb5c594f, type: 3}
      propertyPath: m_LocalRotation.z
      value: -0
      objectReference: {fileID: 0}
    m_RemovedComponents: []
    m_RemovedGameObjects: []
    m_AddedGameObjects: []
    m_AddedComponents: []
  m_SourcePrefab: {fileID: 100100000, guid: 04c36f15bbecd854cab50deedb5c594f, type: 3}
--- !u!4 &54767914494452087 stripped
Transform:
  m_CorrespondingSourceObject: {fileID: 469502, guid: 04c36f15bbecd854cab50deedb5c594f, type: 3}
  m_PrefabInstance: {fileID: 54767914493986953}
  m_PrefabAsset: {fileID: 0}
--- !u!1001 &232029640640053525
PrefabInstance:
  m_ObjectHideFlags: 0
  serializedVersion: 2
  m_Modification:
    serializedVersion: 3
    m_TransformParent: {fileID: 8945981681571661019}
    m_Modifications:
    - target: {fileID: 469502, guid: 04c36f15bbecd854cab50deedb5c594f, type: 3}
      propertyPath: m_RootOrder
      value: 2591
      objectReference: {fileID: 0}
    - target: {fileID: 469502, guid: 04c36f15bbecd854cab50deedb5c594f, type: 3}
      propertyPath: m_LocalScale.x
      value: -1
      objectReference: {fileID: 0}
    - target: {fileID: 469502, guid: 04c36f15bbecd854cab50deedb5c594f, type: 3}
      propertyPath: m_LocalPosition.x
      value: 643
      objectReference: {fileID: 0}
    - target: {fileID: 469502, guid: 04c36f15bbecd854cab50deedb5c594f, type: 3}
      propertyPath: m_LocalPosition.y
      value: 16.5
      objectReference: {fileID: 0}
    - target: {fileID: 469502, guid: 04c36f15bbecd854cab50deedb5c594f, type: 3}
      propertyPath: m_LocalPosition.z
      value: 425
      objectReference: {fileID: 0}
    - target: {fileID: 469502, guid: 04c36f15bbecd854cab50deedb5c594f, type: 3}
      propertyPath: m_LocalRotation.w
      value: 0.000002324581
      objectReference: {fileID: 0}
    - target: {fileID: 469502, guid: 04c36f15bbecd854cab50deedb5c594f, type: 3}
      propertyPath: m_LocalRotation.x
      value: -0
      objectReference: {fileID: 0}
    - target: {fileID: 469502, guid: 04c36f15bbecd854cab50deedb5c594f, type: 3}
      propertyPath: m_LocalRotation.y
      value: -1
      objectReference: {fileID: 0}
    - target: {fileID: 469502, guid: 04c36f15bbecd854cab50deedb5c594f, type: 3}
      propertyPath: m_LocalRotation.z
      value: -0
      objectReference: {fileID: 0}
    m_RemovedComponents: []
    m_RemovedGameObjects: []
    m_AddedGameObjects: []
    m_AddedComponents: []
  m_SourcePrefab: {fileID: 100100000, guid: 04c36f15bbecd854cab50deedb5c594f, type: 3}
--- !u!4 &232029640639736043 stripped
Transform:
  m_CorrespondingSourceObject: {fileID: 469502, guid: 04c36f15bbecd854cab50deedb5c594f, type: 3}
  m_PrefabInstance: {fileID: 232029640640053525}
  m_PrefabAsset: {fileID: 0}
--- !u!1001 &672375165925689200
PrefabInstance:
  m_ObjectHideFlags: 0
  serializedVersion: 2
  m_Modification:
    serializedVersion: 3
    m_TransformParent: {fileID: 8945981681571661019}
    m_Modifications:
    - target: {fileID: 136794, guid: 513a0e1241d2a72459d1db2f9dc27f3e, type: 3}
      propertyPath: m_Name
      value: Prop_Gravestone_C 4
      objectReference: {fileID: 0}
    - target: {fileID: 405124, guid: 513a0e1241d2a72459d1db2f9dc27f3e, type: 3}
      propertyPath: m_RootOrder
      value: 3315
      objectReference: {fileID: 0}
    - target: {fileID: 405124, guid: 513a0e1241d2a72459d1db2f9dc27f3e, type: 3}
      propertyPath: m_LocalPosition.x
      value: 635.82
      objectReference: {fileID: 0}
    - target: {fileID: 405124, guid: 513a0e1241d2a72459d1db2f9dc27f3e, type: 3}
      propertyPath: m_LocalPosition.y
      value: 16.673
      objectReference: {fileID: 0}
    - target: {fileID: 405124, guid: 513a0e1241d2a72459d1db2f9dc27f3e, type: 3}
      propertyPath: m_LocalPosition.z
      value: 433.15
      objectReference: {fileID: 0}
    - target: {fileID: 405124, guid: 513a0e1241d2a72459d1db2f9dc27f3e, type: 3}
      propertyPath: m_LocalRotation.w
      value: -0.000000044703484
      objectReference: {fileID: 0}
    - target: {fileID: 405124, guid: 513a0e1241d2a72459d1db2f9dc27f3e, type: 3}
      propertyPath: m_LocalRotation.x
      value: 2.220446e-16
      objectReference: {fileID: 0}
    - target: {fileID: 405124, guid: 513a0e1241d2a72459d1db2f9dc27f3e, type: 3}
      propertyPath: m_LocalRotation.y
      value: -1
      objectReference: {fileID: 0}
    - target: {fileID: 405124, guid: 513a0e1241d2a72459d1db2f9dc27f3e, type: 3}
      propertyPath: m_LocalRotation.z
      value: -0.000000021855694
      objectReference: {fileID: 0}
    m_RemovedComponents: []
    m_RemovedGameObjects: []
    m_AddedGameObjects: []
    m_AddedComponents: []
  m_SourcePrefab: {fileID: 100100000, guid: 513a0e1241d2a72459d1db2f9dc27f3e, type: 3}
--- !u!4 &672375165925829108 stripped
Transform:
  m_CorrespondingSourceObject: {fileID: 405124, guid: 513a0e1241d2a72459d1db2f9dc27f3e, type: 3}
  m_PrefabInstance: {fileID: 672375165925689200}
  m_PrefabAsset: {fileID: 0}
--- !u!1001 &973550719987970560
PrefabInstance:
  m_ObjectHideFlags: 0
  serializedVersion: 2
  m_Modification:
    serializedVersion: 3
    m_TransformParent: {fileID: 8945981681571661019}
    m_Modifications:
    - target: {fileID: 136794, guid: 513a0e1241d2a72459d1db2f9dc27f3e, type: 3}
      propertyPath: m_Name
      value: Prop_Gravestone_C 5
      objectReference: {fileID: 0}
    - target: {fileID: 405124, guid: 513a0e1241d2a72459d1db2f9dc27f3e, type: 3}
      propertyPath: m_RootOrder
      value: 4147
      objectReference: {fileID: 0}
    - target: {fileID: 405124, guid: 513a0e1241d2a72459d1db2f9dc27f3e, type: 3}
      propertyPath: m_LocalPosition.x
      value: 639.816
      objectReference: {fileID: 0}
    - target: {fileID: 405124, guid: 513a0e1241d2a72459d1db2f9dc27f3e, type: 3}
      propertyPath: m_LocalPosition.y
      value: 16.706
      objectReference: {fileID: 0}
    - target: {fileID: 405124, guid: 513a0e1241d2a72459d1db2f9dc27f3e, type: 3}
      propertyPath: m_LocalPosition.z
      value: 449.15
      objectReference: {fileID: 0}
    - target: {fileID: 405124, guid: 513a0e1241d2a72459d1db2f9dc27f3e, type: 3}
      propertyPath: m_LocalRotation.w
      value: -0.00000004376711
      objectReference: {fileID: 0}
    - target: {fileID: 405124, guid: 513a0e1241d2a72459d1db2f9dc27f3e, type: 3}
      propertyPath: m_LocalRotation.x
      value: -0.041114155
      objectReference: {fileID: 0}
    - target: {fileID: 405124, guid: 513a0e1241d2a72459d1db2f9dc27f3e, type: 3}
      propertyPath: m_LocalRotation.y
      value: -0.9991545
      objectReference: {fileID: 0}
    - target: {fileID: 405124, guid: 513a0e1241d2a72459d1db2f9dc27f3e, type: 3}
      propertyPath: m_LocalRotation.z
      value: -0.00000002367516
      objectReference: {fileID: 0}
    m_RemovedComponents: []
    m_RemovedGameObjects: []
    m_AddedGameObjects: []
    m_AddedComponents: []
  m_SourcePrefab: {fileID: 100100000, guid: 513a0e1241d2a72459d1db2f9dc27f3e, type: 3}
--- !u!4 &973550719987833988 stripped
Transform:
  m_CorrespondingSourceObject: {fileID: 405124, guid: 513a0e1241d2a72459d1db2f9dc27f3e, type: 3}
  m_PrefabInstance: {fileID: 973550719987970560}
  m_PrefabAsset: {fileID: 0}
--- !u!1001 &1461129074543047490
PrefabInstance:
  m_ObjectHideFlags: 0
  serializedVersion: 2
  m_Modification:
    serializedVersion: 3
    m_TransformParent: {fileID: 8945981681571661019}
    m_Modifications:
    - target: {fileID: 136794, guid: 513a0e1241d2a72459d1db2f9dc27f3e, type: 3}
      propertyPath: m_Name
      value: Prop_Gravestone_C 9
      objectReference: {fileID: 0}
    - target: {fileID: 405124, guid: 513a0e1241d2a72459d1db2f9dc27f3e, type: 3}
      propertyPath: m_RootOrder
      value: 4127
      objectReference: {fileID: 0}
    - target: {fileID: 405124, guid: 513a0e1241d2a72459d1db2f9dc27f3e, type: 3}
      propertyPath: m_LocalPosition.x
      value: 610.82
      objectReference: {fileID: 0}
    - target: {fileID: 405124, guid: 513a0e1241d2a72459d1db2f9dc27f3e, type: 3}
      propertyPath: m_LocalPosition.y
      value: 16.656
      objectReference: {fileID: 0}
    - target: {fileID: 405124, guid: 513a0e1241d2a72459d1db2f9dc27f3e, type: 3}
      propertyPath: m_LocalPosition.z
      value: 449.15
      objectReference: {fileID: 0}
    - target: {fileID: 405124, guid: 513a0e1241d2a72459d1db2f9dc27f3e, type: 3}
      propertyPath: m_LocalRotation.w
      value: -0.10380723
      objectReference: {fileID: 0}
    - target: {fileID: 405124, guid: 513a0e1241d2a72459d1db2f9dc27f3e, type: 3}
      propertyPath: m_LocalRotation.x
      value: -0.064374276
      objectReference: {fileID: 0}
    - target: {fileID: 405124, guid: 513a0e1241d2a72459d1db2f9dc27f3e, type: 3}
      propertyPath: m_LocalRotation.y
      value: -0.99248916
      objectReference: {fileID: 0}
    - target: {fileID: 405124, guid: 513a0e1241d2a72459d1db2f9dc27f3e, type: 3}
      propertyPath: m_LocalRotation.z
      value: 0.0067330594
      objectReference: {fileID: 0}
    m_RemovedComponents: []
    m_RemovedGameObjects: []
    m_AddedGameObjects: []
    m_AddedComponents: []
  m_SourcePrefab: {fileID: 100100000, guid: 513a0e1241d2a72459d1db2f9dc27f3e, type: 3}
--- !u!4 &1461129074543173062 stripped
Transform:
  m_CorrespondingSourceObject: {fileID: 405124, guid: 513a0e1241d2a72459d1db2f9dc27f3e, type: 3}
  m_PrefabInstance: {fileID: 1461129074543047490}
  m_PrefabAsset: {fileID: 0}
--- !u!1001 &1539686584269146706
PrefabInstance:
  m_ObjectHideFlags: 0
  serializedVersion: 2
  m_Modification:
    serializedVersion: 3
    m_TransformParent: {fileID: 8945981681571661019}
    m_Modifications:
    - target: {fileID: 469502, guid: 04c36f15bbecd854cab50deedb5c594f, type: 3}
      propertyPath: m_RootOrder
      value: 2078
      objectReference: {fileID: 0}
    - target: {fileID: 469502, guid: 04c36f15bbecd854cab50deedb5c594f, type: 3}
      propertyPath: m_LocalScale.x
      value: -1
      objectReference: {fileID: 0}
    - target: {fileID: 469502, guid: 04c36f15bbecd854cab50deedb5c594f, type: 3}
      propertyPath: m_LocalPosition.x
      value: 637
      objectReference: {fileID: 0}
    - target: {fileID: 469502, guid: 04c36f15bbecd854cab50deedb5c594f, type: 3}
      propertyPath: m_LocalPosition.y
      value: 16.5
      objectReference: {fileID: 0}
    - target: {fileID: 469502, guid: 04c36f15bbecd854cab50deedb5c594f, type: 3}
      propertyPath: m_LocalPosition.z
      value: 425
      objectReference: {fileID: 0}
    - target: {fileID: 469502, guid: 04c36f15bbecd854cab50deedb5c594f, type: 3}
      propertyPath: m_LocalRotation.w
      value: 0.000002324581
      objectReference: {fileID: 0}
    - target: {fileID: 469502, guid: 04c36f15bbecd854cab50deedb5c594f, type: 3}
      propertyPath: m_LocalRotation.x
      value: -0
      objectReference: {fileID: 0}
    - target: {fileID: 469502, guid: 04c36f15bbecd854cab50deedb5c594f, type: 3}
      propertyPath: m_LocalRotation.y
      value: -1
      objectReference: {fileID: 0}
    - target: {fileID: 469502, guid: 04c36f15bbecd854cab50deedb5c594f, type: 3}
      propertyPath: m_LocalRotation.z
      value: -0
      objectReference: {fileID: 0}
    m_RemovedComponents: []
    m_RemovedGameObjects: []
    m_AddedGameObjects: []
    m_AddedComponents: []
  m_SourcePrefab: {fileID: 100100000, guid: 04c36f15bbecd854cab50deedb5c594f, type: 3}
--- !u!4 &1539686584269087660 stripped
Transform:
  m_CorrespondingSourceObject: {fileID: 469502, guid: 04c36f15bbecd854cab50deedb5c594f, type: 3}
  m_PrefabInstance: {fileID: 1539686584269146706}
  m_PrefabAsset: {fileID: 0}
--- !u!1001 &1756636212923562074
PrefabInstance:
  m_ObjectHideFlags: 0
  serializedVersion: 2
  m_Modification:
    serializedVersion: 3
    m_TransformParent: {fileID: 8945981681571661019}
    m_Modifications:
    - target: {fileID: 124836, guid: b4bb1f5d4e31a07409ece01b4cf53b22, type: 3}
      propertyPath: m_Name
      value: Struct_Fence1_Mid_A 8
      objectReference: {fileID: 0}
    - target: {fileID: 464194, guid: b4bb1f5d4e31a07409ece01b4cf53b22, type: 3}
      propertyPath: m_RootOrder
      value: 4262
      objectReference: {fileID: 0}
    - target: {fileID: 464194, guid: b4bb1f5d4e31a07409ece01b4cf53b22, type: 3}
      propertyPath: m_LocalScale.x
      value: -1
      objectReference: {fileID: 0}
    - target: {fileID: 464194, guid: b4bb1f5d4e31a07409ece01b4cf53b22, type: 3}
      propertyPath: m_LocalPosition.x
      value: 643.44
      objectReference: {fileID: 0}
    - target: {fileID: 464194, guid: b4bb1f5d4e31a07409ece01b4cf53b22, type: 3}
      propertyPath: m_LocalPosition.y
      value: 16.19
      objectReference: {fileID: 0}
    - target: {fileID: 464194, guid: b4bb1f5d4e31a07409ece01b4cf53b22, type: 3}
      propertyPath: m_LocalPosition.z
      value: 456.61
      objectReference: {fileID: 0}
    - target: {fileID: 464194, guid: b4bb1f5d4e31a07409ece01b4cf53b22, type: 3}
      propertyPath: m_LocalRotation.w
      value: 0.7071076
      objectReference: {fileID: 0}
    - target: {fileID: 464194, guid: b4bb1f5d4e31a07409ece01b4cf53b22, type: 3}
      propertyPath: m_LocalRotation.x
      value: -0
      objectReference: {fileID: 0}
    - target: {fileID: 464194, guid: b4bb1f5d4e31a07409ece01b4cf53b22, type: 3}
      propertyPath: m_LocalRotation.y
      value: 0.707106
      objectReference: {fileID: 0}
    - target: {fileID: 464194, guid: b4bb1f5d4e31a07409ece01b4cf53b22, type: 3}
      propertyPath: m_LocalRotation.z
      value: -0
      objectReference: {fileID: 0}
    m_RemovedComponents: []
    m_RemovedGameObjects: []
    m_AddedGameObjects: []
    m_AddedComponents: []
  m_SourcePrefab: {fileID: 100100000, guid: b4bb1f5d4e31a07409ece01b4cf53b22, type: 3}
--- !u!4 &1756636212923362584 stripped
Transform:
  m_CorrespondingSourceObject: {fileID: 464194, guid: b4bb1f5d4e31a07409ece01b4cf53b22, type: 3}
  m_PrefabInstance: {fileID: 1756636212923562074}
  m_PrefabAsset: {fileID: 0}
--- !u!1001 &2088194025829089221
PrefabInstance:
  m_ObjectHideFlags: 0
  serializedVersion: 2
  m_Modification:
    serializedVersion: 3
    m_TransformParent: {fileID: 8945981681571661019}
    m_Modifications:
    - target: {fileID: 124836, guid: b4bb1f5d4e31a07409ece01b4cf53b22, type: 3}
      propertyPath: m_Name
      value: Struct_Fence1_Mid_A 7
      objectReference: {fileID: 0}
    - target: {fileID: 464194, guid: b4bb1f5d4e31a07409ece01b4cf53b22, type: 3}
      propertyPath: m_RootOrder
      value: 4490
      objectReference: {fileID: 0}
    - target: {fileID: 464194, guid: b4bb1f5d4e31a07409ece01b4cf53b22, type: 3}
      propertyPath: m_LocalScale.x
      value: -1
      objectReference: {fileID: 0}
    - target: {fileID: 464194, guid: b4bb1f5d4e31a07409ece01b4cf53b22, type: 3}
      propertyPath: m_LocalPosition.x
      value: 643.44
      objectReference: {fileID: 0}
    - target: {fileID: 464194, guid: b4bb1f5d4e31a07409ece01b4cf53b22, type: 3}
      propertyPath: m_LocalPosition.y
      value: 16.19
      objectReference: {fileID: 0}
    - target: {fileID: 464194, guid: b4bb1f5d4e31a07409ece01b4cf53b22, type: 3}
      propertyPath: m_LocalPosition.z
      value: 450.58
      objectReference: {fileID: 0}
    - target: {fileID: 464194, guid: b4bb1f5d4e31a07409ece01b4cf53b22, type: 3}
      propertyPath: m_LocalRotation.w
      value: 0.7071076
      objectReference: {fileID: 0}
    - target: {fileID: 464194, guid: b4bb1f5d4e31a07409ece01b4cf53b22, type: 3}
      propertyPath: m_LocalRotation.x
      value: -0
      objectReference: {fileID: 0}
    - target: {fileID: 464194, guid: b4bb1f5d4e31a07409ece01b4cf53b22, type: 3}
      propertyPath: m_LocalRotation.y
      value: 0.707106
      objectReference: {fileID: 0}
    - target: {fileID: 464194, guid: b4bb1f5d4e31a07409ece01b4cf53b22, type: 3}
      propertyPath: m_LocalRotation.z
      value: -0
      objectReference: {fileID: 0}
    m_RemovedComponents: []
    m_RemovedGameObjects: []
    m_AddedGameObjects: []
    m_AddedComponents: []
  m_SourcePrefab: {fileID: 100100000, guid: b4bb1f5d4e31a07409ece01b4cf53b22, type: 3}
--- !u!4 &2088194025829280391 stripped
Transform:
  m_CorrespondingSourceObject: {fileID: 464194, guid: b4bb1f5d4e31a07409ece01b4cf53b22, type: 3}
  m_PrefabInstance: {fileID: 2088194025829089221}
  m_PrefabAsset: {fileID: 0}
--- !u!1001 &2127150553012428221
PrefabInstance:
  m_ObjectHideFlags: 0
  serializedVersion: 2
  m_Modification:
    serializedVersion: 3
    m_TransformParent: {fileID: 8945981681571661019}
    m_Modifications:
    - target: {fileID: 405124, guid: 513a0e1241d2a72459d1db2f9dc27f3e, type: 3}
      propertyPath: m_RootOrder
      value: 4138
      objectReference: {fileID: 0}
    - target: {fileID: 405124, guid: 513a0e1241d2a72459d1db2f9dc27f3e, type: 3}
      propertyPath: m_LocalPosition.x
      value: 630.33
      objectReference: {fileID: 0}
    - target: {fileID: 405124, guid: 513a0e1241d2a72459d1db2f9dc27f3e, type: 3}
      propertyPath: m_LocalPosition.y
      value: 16.65
      objectReference: {fileID: 0}
    - target: {fileID: 405124, guid: 513a0e1241d2a72459d1db2f9dc27f3e, type: 3}
      propertyPath: m_LocalPosition.z
      value: 449.15
      objectReference: {fileID: 0}
    - target: {fileID: 405124, guid: 513a0e1241d2a72459d1db2f9dc27f3e, type: 3}
      propertyPath: m_LocalRotation.w
      value: -0.000000042718945
      objectReference: {fileID: 0}
    - target: {fileID: 405124, guid: 513a0e1241d2a72459d1db2f9dc27f3e, type: 3}
      propertyPath: m_LocalRotation.x
      value: -0.0836357
      objectReference: {fileID: 0}
    - target: {fileID: 405124, guid: 513a0e1241d2a72459d1db2f9dc27f3e, type: 3}
      propertyPath: m_LocalRotation.y
      value: -0.99649644
      objectReference: {fileID: 0}
    - target: {fileID: 405124, guid: 513a0e1241d2a72459d1db2f9dc27f3e, type: 3}
      propertyPath: m_LocalRotation.z
      value: -0.000000025517927
      objectReference: {fileID: 0}
    m_RemovedComponents: []
    m_RemovedGameObjects: []
    m_AddedGameObjects: []
    m_AddedComponents: []
  m_SourcePrefab: {fileID: 100100000, guid: 513a0e1241d2a72459d1db2f9dc27f3e, type: 3}
--- !u!4 &2127150553012302649 stripped
Transform:
  m_CorrespondingSourceObject: {fileID: 405124, guid: 513a0e1241d2a72459d1db2f9dc27f3e, type: 3}
  m_PrefabInstance: {fileID: 2127150553012428221}
  m_PrefabAsset: {fileID: 0}
--- !u!1001 &2160223660296829679
PrefabInstance:
  m_ObjectHideFlags: 0
  serializedVersion: 2
  m_Modification:
    serializedVersion: 3
    m_TransformParent: {fileID: 8945981681571661019}
    m_Modifications:
    - target: {fileID: 484950, guid: 1eb5970d54060cd4fa9d893223f463e4, type: 3}
      propertyPath: m_RootOrder
      value: 4023
      objectReference: {fileID: 0}
    - target: {fileID: 484950, guid: 1eb5970d54060cd4fa9d893223f463e4, type: 3}
      propertyPath: m_LocalScale.y
      value: 1
      objectReference: {fileID: 0}
    - target: {fileID: 484950, guid: 1eb5970d54060cd4fa9d893223f463e4, type: 3}
      propertyPath: m_LocalScale.z
      value: 1
      objectReference: {fileID: 0}
    - target: {fileID: 484950, guid: 1eb5970d54060cd4fa9d893223f463e4, type: 3}
      propertyPath: m_LocalPosition.x
      value: 635.27
      objectReference: {fileID: 0}
    - target: {fileID: 484950, guid: 1eb5970d54060cd4fa9d893223f463e4, type: 3}
      propertyPath: m_LocalPosition.y
      value: 17
      objectReference: {fileID: 0}
    - target: {fileID: 484950, guid: 1eb5970d54060cd4fa9d893223f463e4, type: 3}
      propertyPath: m_LocalPosition.z
      value: 449.29
      objectReference: {fileID: 0}
    - target: {fileID: 484950, guid: 1eb5970d54060cd4fa9d893223f463e4, type: 3}
      propertyPath: m_LocalRotation.w
      value: 0.997389
      objectReference: {fileID: 0}
    - target: {fileID: 484950, guid: 1eb5970d54060cd4fa9d893223f463e4, type: 3}
      propertyPath: m_LocalRotation.x
      value: 0.001978936
      objectReference: {fileID: 0}
    - target: {fileID: 484950, guid: 1eb5970d54060cd4fa9d893223f463e4, type: 3}
      propertyPath: m_LocalRotation.y
      value: 0.06562509
      objectReference: {fileID: 0}
    - target: {fileID: 484950, guid: 1eb5970d54060cd4fa9d893223f463e4, type: 3}
      propertyPath: m_LocalRotation.z
      value: 0.030076437
      objectReference: {fileID: 0}
    m_RemovedComponents: []
    m_RemovedGameObjects: []
    m_AddedGameObjects: []
    m_AddedComponents: []
  m_SourcePrefab: {fileID: 100100000, guid: 1eb5970d54060cd4fa9d893223f463e4, type: 3}
--- !u!4 &2160223660297002169 stripped
Transform:
  m_CorrespondingSourceObject: {fileID: 484950, guid: 1eb5970d54060cd4fa9d893223f463e4, type: 3}
  m_PrefabInstance: {fileID: 2160223660296829679}
  m_PrefabAsset: {fileID: 0}
--- !u!1001 &2188563990959513967
PrefabInstance:
  m_ObjectHideFlags: 0
  serializedVersion: 2
  m_Modification:
    serializedVersion: 3
    m_TransformParent: {fileID: 8945981681571661019}
    m_Modifications:
    - target: {fileID: 175396, guid: 7e6af4e8360e4b342840a974109fcaed, type: 3}
      propertyPath: m_Name
      value: Prop_Gravestone_D 1
      objectReference: {fileID: 0}
    - target: {fileID: 418336, guid: 7e6af4e8360e4b342840a974109fcaed, type: 3}
      propertyPath: m_RootOrder
      value: 4097
      objectReference: {fileID: 0}
    - target: {fileID: 418336, guid: 7e6af4e8360e4b342840a974109fcaed, type: 3}
      propertyPath: m_LocalPosition.x
      value: 630.8
      objectReference: {fileID: 0}
    - target: {fileID: 418336, guid: 7e6af4e8360e4b342840a974109fcaed, type: 3}
      propertyPath: m_LocalPosition.y
      value: 16.619
      objectReference: {fileID: 0}
    - target: {fileID: 418336, guid: 7e6af4e8360e4b342840a974109fcaed, type: 3}
      propertyPath: m_LocalPosition.z
      value: 455.681
      objectReference: {fileID: 0}
    - target: {fileID: 418336, guid: 7e6af4e8360e4b342840a974109fcaed, type: 3}
      propertyPath: m_LocalRotation.w
      value: -0.00000016391277
      objectReference: {fileID: 0}
    - target: {fileID: 418336, guid: 7e6af4e8360e4b342840a974109fcaed, type: 3}
      propertyPath: m_LocalRotation.x
      value: -5.107026e-15
      objectReference: {fileID: 0}
    - target: {fileID: 418336, guid: 7e6af4e8360e4b342840a974109fcaed, type: 3}
      propertyPath: m_LocalRotation.y
      value: -1
      objectReference: {fileID: 0}
    - target: {fileID: 418336, guid: 7e6af4e8360e4b342840a974109fcaed, type: 3}
      propertyPath: m_LocalRotation.z
      value: -0.0000000218557
      objectReference: {fileID: 0}
    m_RemovedComponents: []
    m_RemovedGameObjects: []
    m_AddedGameObjects: []
    m_AddedComponents: []
  m_SourcePrefab: {fileID: 100100000, guid: 7e6af4e8360e4b342840a974109fcaed, type: 3}
--- !u!4 &2188563990959620943 stripped
Transform:
  m_CorrespondingSourceObject: {fileID: 418336, guid: 7e6af4e8360e4b342840a974109fcaed, type: 3}
  m_PrefabInstance: {fileID: 2188563990959513967}
  m_PrefabAsset: {fileID: 0}
--- !u!1001 &2354219669045750327
PrefabInstance:
  m_ObjectHideFlags: 0
  serializedVersion: 2
  m_Modification:
    serializedVersion: 3
    m_TransformParent: {fileID: 8945981681571661019}
    m_Modifications:
    - target: {fileID: 484950, guid: 1eb5970d54060cd4fa9d893223f463e4, type: 3}
      propertyPath: m_RootOrder
      value: 4120
      objectReference: {fileID: 0}
    - target: {fileID: 484950, guid: 1eb5970d54060cd4fa9d893223f463e4, type: 3}
      propertyPath: m_LocalScale.y
      value: 1
      objectReference: {fileID: 0}
    - target: {fileID: 484950, guid: 1eb5970d54060cd4fa9d893223f463e4, type: 3}
      propertyPath: m_LocalScale.z
      value: 1
      objectReference: {fileID: 0}
    - target: {fileID: 484950, guid: 1eb5970d54060cd4fa9d893223f463e4, type: 3}
      propertyPath: m_LocalPosition.x
      value: 630.26
      objectReference: {fileID: 0}
    - target: {fileID: 484950, guid: 1eb5970d54060cd4fa9d893223f463e4, type: 3}
      propertyPath: m_LocalPosition.y
      value: 16.673
      objectReference: {fileID: 0}
    - target: {fileID: 484950, guid: 1eb5970d54060cd4fa9d893223f463e4, type: 3}
      propertyPath: m_LocalPosition.z
      value: 462.79
      objectReference: {fileID: 0}
    - target: {fileID: 484950, guid: 1eb5970d54060cd4fa9d893223f463e4, type: 3}
      propertyPath: m_LocalRotation.w
      value: 1
      objectReference: {fileID: 0}
    - target: {fileID: 484950, guid: 1eb5970d54060cd4fa9d893223f463e4, type: 3}
      propertyPath: m_LocalRotation.x
      value: -0
      objectReference: {fileID: 0}
    - target: {fileID: 484950, guid: 1eb5970d54060cd4fa9d893223f463e4, type: 3}
      propertyPath: m_LocalRotation.y
      value: -0
      objectReference: {fileID: 0}
    - target: {fileID: 484950, guid: 1eb5970d54060cd4fa9d893223f463e4, type: 3}
      propertyPath: m_LocalRotation.z
      value: -0
      objectReference: {fileID: 0}
    m_RemovedComponents: []
    m_RemovedGameObjects: []
    m_AddedGameObjects: []
    m_AddedComponents: []
  m_SourcePrefab: {fileID: 100100000, guid: 1eb5970d54060cd4fa9d893223f463e4, type: 3}
--- !u!4 &2354219669045562465 stripped
Transform:
  m_CorrespondingSourceObject: {fileID: 484950, guid: 1eb5970d54060cd4fa9d893223f463e4, type: 3}
  m_PrefabInstance: {fileID: 2354219669045750327}
  m_PrefabAsset: {fileID: 0}
--- !u!1001 &2743998035234769303
PrefabInstance:
  m_ObjectHideFlags: 0
  serializedVersion: 2
  m_Modification:
    serializedVersion: 3
    m_TransformParent: {fileID: 8945981681571661019}
    m_Modifications:
    - target: {fileID: 124836, guid: b4bb1f5d4e31a07409ece01b4cf53b22, type: 3}
      propertyPath: m_Name
      value: Struct_Fence1_Mid_A 6
      objectReference: {fileID: 0}
    - target: {fileID: 464194, guid: b4bb1f5d4e31a07409ece01b4cf53b22, type: 3}
      propertyPath: m_RootOrder
      value: 4583
      objectReference: {fileID: 0}
    - target: {fileID: 464194, guid: b4bb1f5d4e31a07409ece01b4cf53b22, type: 3}
      propertyPath: m_LocalPosition.x
      value: 643.44
      objectReference: {fileID: 0}
    - target: {fileID: 464194, guid: b4bb1f5d4e31a07409ece01b4cf53b22, type: 3}
      propertyPath: m_LocalPosition.y
      value: 16.19
      objectReference: {fileID: 0}
    - target: {fileID: 464194, guid: b4bb1f5d4e31a07409ece01b4cf53b22, type: 3}
      propertyPath: m_LocalPosition.z
      value: 431.58
      objectReference: {fileID: 0}
    - target: {fileID: 464194, guid: b4bb1f5d4e31a07409ece01b4cf53b22, type: 3}
      propertyPath: m_LocalRotation.w
      value: 0.7071076
      objectReference: {fileID: 0}
    - target: {fileID: 464194, guid: b4bb1f5d4e31a07409ece01b4cf53b22, type: 3}
      propertyPath: m_LocalRotation.x
      value: -0
      objectReference: {fileID: 0}
    - target: {fileID: 464194, guid: b4bb1f5d4e31a07409ece01b4cf53b22, type: 3}
      propertyPath: m_LocalRotation.y
      value: 0.707106
      objectReference: {fileID: 0}
    - target: {fileID: 464194, guid: b4bb1f5d4e31a07409ece01b4cf53b22, type: 3}
      propertyPath: m_LocalRotation.z
      value: -0
      objectReference: {fileID: 0}
    m_RemovedComponents: []
    m_RemovedGameObjects: []
    m_AddedGameObjects: []
    m_AddedComponents: []
  m_SourcePrefab: {fileID: 100100000, guid: b4bb1f5d4e31a07409ece01b4cf53b22, type: 3}
--- !u!4 &2743998035235101909 stripped
Transform:
  m_CorrespondingSourceObject: {fileID: 464194, guid: b4bb1f5d4e31a07409ece01b4cf53b22, type: 3}
  m_PrefabInstance: {fileID: 2743998035234769303}
  m_PrefabAsset: {fileID: 0}
--- !u!1001 &2888514265973330843
PrefabInstance:
  m_ObjectHideFlags: 0
  serializedVersion: 2
  m_Modification:
    serializedVersion: 3
    m_TransformParent: {fileID: 8945981681571661019}
    m_Modifications:
    - target: {fileID: 136794, guid: 513a0e1241d2a72459d1db2f9dc27f3e, type: 3}
      propertyPath: m_Name
      value: Prop_Gravestone_C 2
      objectReference: {fileID: 0}
    - target: {fileID: 405124, guid: 513a0e1241d2a72459d1db2f9dc27f3e, type: 3}
      propertyPath: m_RootOrder
      value: 4052
      objectReference: {fileID: 0}
    - target: {fileID: 405124, guid: 513a0e1241d2a72459d1db2f9dc27f3e, type: 3}
      propertyPath: m_LocalPosition.x
      value: 620.82
      objectReference: {fileID: 0}
    - target: {fileID: 405124, guid: 513a0e1241d2a72459d1db2f9dc27f3e, type: 3}
      propertyPath: m_LocalPosition.y
      value: 16.688
      objectReference: {fileID: 0}
    - target: {fileID: 405124, guid: 513a0e1241d2a72459d1db2f9dc27f3e, type: 3}
      propertyPath: m_LocalPosition.z
      value: 440.15
      objectReference: {fileID: 0}
    - target: {fileID: 405124, guid: 513a0e1241d2a72459d1db2f9dc27f3e, type: 3}
      propertyPath: m_LocalRotation.w
      value: 0.13052596
      objectReference: {fileID: 0}
    - target: {fileID: 405124, guid: 513a0e1241d2a72459d1db2f9dc27f3e, type: 3}
      propertyPath: m_LocalRotation.x
      value: 0.0000000028527367
      objectReference: {fileID: 0}
    - target: {fileID: 405124, guid: 513a0e1241d2a72459d1db2f9dc27f3e, type: 3}
      propertyPath: m_LocalRotation.y
      value: -0.9914449
      objectReference: {fileID: 0}
    - target: {fileID: 405124, guid: 513a0e1241d2a72459d1db2f9dc27f3e, type: 3}
      propertyPath: m_LocalRotation.z
      value: -0.000000021668717
      objectReference: {fileID: 0}
    m_RemovedComponents: []
    m_RemovedGameObjects: []
    m_AddedGameObjects: []
    m_AddedComponents: []
  m_SourcePrefab: {fileID: 100100000, guid: 513a0e1241d2a72459d1db2f9dc27f3e, type: 3}
--- !u!4 &2888514265973210399 stripped
Transform:
  m_CorrespondingSourceObject: {fileID: 405124, guid: 513a0e1241d2a72459d1db2f9dc27f3e, type: 3}
  m_PrefabInstance: {fileID: 2888514265973330843}
  m_PrefabAsset: {fileID: 0}
--- !u!1001 &3309247126185644081
PrefabInstance:
  m_ObjectHideFlags: 0
  serializedVersion: 2
  m_Modification:
    serializedVersion: 3
    m_TransformParent: {fileID: 8945981681571661019}
    m_Modifications:
    - target: {fileID: 426280, guid: 73a46d03e13dd2b4ebddaeb829191c7d, type: 3}
      propertyPath: m_RootOrder
      value: 3930
      objectReference: {fileID: 0}
    - target: {fileID: 426280, guid: 73a46d03e13dd2b4ebddaeb829191c7d, type: 3}
      propertyPath: m_LocalPosition.x
      value: 640.77
      objectReference: {fileID: 0}
    - target: {fileID: 426280, guid: 73a46d03e13dd2b4ebddaeb829191c7d, type: 3}
      propertyPath: m_LocalPosition.y
      value: 16.76
      objectReference: {fileID: 0}
    - target: {fileID: 426280, guid: 73a46d03e13dd2b4ebddaeb829191c7d, type: 3}
      propertyPath: m_LocalPosition.z
      value: 433.38
      objectReference: {fileID: 0}
    - target: {fileID: 426280, guid: 73a46d03e13dd2b4ebddaeb829191c7d, type: 3}
      propertyPath: m_LocalRotation.w
      value: 1
      objectReference: {fileID: 0}
    - target: {fileID: 426280, guid: 73a46d03e13dd2b4ebddaeb829191c7d, type: 3}
      propertyPath: m_LocalRotation.x
      value: 0.000000021855694
      objectReference: {fileID: 0}
    - target: {fileID: 426280, guid: 73a46d03e13dd2b4ebddaeb829191c7d, type: 3}
      propertyPath: m_LocalRotation.y
      value: -0
      objectReference: {fileID: 0}
    - target: {fileID: 426280, guid: 73a46d03e13dd2b4ebddaeb829191c7d, type: 3}
      propertyPath: m_LocalRotation.z
      value: -0
      objectReference: {fileID: 0}
    m_RemovedComponents: []
    m_RemovedGameObjects: []
    m_AddedGameObjects: []
    m_AddedComponents: []
  m_SourcePrefab: {fileID: 100100000, guid: 73a46d03e13dd2b4ebddaeb829191c7d, type: 3}
--- !u!4 &3309247126185283865 stripped
Transform:
  m_CorrespondingSourceObject: {fileID: 426280, guid: 73a46d03e13dd2b4ebddaeb829191c7d, type: 3}
  m_PrefabInstance: {fileID: 3309247126185644081}
  m_PrefabAsset: {fileID: 0}
--- !u!1001 &3886758495749460602
PrefabInstance:
  m_ObjectHideFlags: 0
  serializedVersion: 2
  m_Modification:
    serializedVersion: 3
    m_TransformParent: {fileID: 8945981681571661019}
    m_Modifications:
    - target: {fileID: 459216, guid: 5ef9b8247006c384f8209c0e0018d51e, type: 3}
      propertyPath: m_RootOrder
      value: 398
      objectReference: {fileID: 0}
    - target: {fileID: 459216, guid: 5ef9b8247006c384f8209c0e0018d51e, type: 3}
      propertyPath: m_LocalPosition.x
      value: 647.85
      objectReference: {fileID: 0}
    - target: {fileID: 459216, guid: 5ef9b8247006c384f8209c0e0018d51e, type: 3}
      propertyPath: m_LocalPosition.y
      value: 16.83
      objectReference: {fileID: 0}
    - target: {fileID: 459216, guid: 5ef9b8247006c384f8209c0e0018d51e, type: 3}
      propertyPath: m_LocalPosition.z
      value: 424.99
      objectReference: {fileID: 0}
    - target: {fileID: 459216, guid: 5ef9b8247006c384f8209c0e0018d51e, type: 3}
      propertyPath: m_LocalRotation.w
      value: 1.3382753e-24
      objectReference: {fileID: 0}
    - target: {fileID: 459216, guid: 5ef9b8247006c384f8209c0e0018d51e, type: 3}
      propertyPath: m_LocalRotation.x
      value: -6.123234e-17
      objectReference: {fileID: 0}
    - target: {fileID: 459216, guid: 5ef9b8247006c384f8209c0e0018d51e, type: 3}
      propertyPath: m_LocalRotation.y
      value: 1
      objectReference: {fileID: 0}
    - target: {fileID: 459216, guid: 5ef9b8247006c384f8209c0e0018d51e, type: 3}
      propertyPath: m_LocalRotation.z
      value: -0.000000021855694
      objectReference: {fileID: 0}
    m_RemovedComponents: []
    m_RemovedGameObjects: []
    m_AddedGameObjects: []
    m_AddedComponents: []
  m_SourcePrefab: {fileID: 100100000, guid: 5ef9b8247006c384f8209c0e0018d51e, type: 3}
--- !u!4 &3886758495749919658 stripped
Transform:
  m_CorrespondingSourceObject: {fileID: 459216, guid: 5ef9b8247006c384f8209c0e0018d51e, type: 3}
  m_PrefabInstance: {fileID: 3886758495749460602}
  m_PrefabAsset: {fileID: 0}
--- !u!1001 &3992151824375588468
PrefabInstance:
  m_ObjectHideFlags: 0
  serializedVersion: 2
  m_Modification:
    serializedVersion: 3
    m_TransformParent: {fileID: 8945981681571661019}
    m_Modifications:
    - target: {fileID: 136794, guid: 513a0e1241d2a72459d1db2f9dc27f3e, type: 3}
      propertyPath: m_Name
      value: Prop_Gravestone_C 13
      objectReference: {fileID: 0}
    - target: {fileID: 405124, guid: 513a0e1241d2a72459d1db2f9dc27f3e, type: 3}
      propertyPath: m_RootOrder
      value: 4105
      objectReference: {fileID: 0}
    - target: {fileID: 405124, guid: 513a0e1241d2a72459d1db2f9dc27f3e, type: 3}
      propertyPath: m_LocalPosition.x
      value: 613.807
      objectReference: {fileID: 0}
    - target: {fileID: 405124, guid: 513a0e1241d2a72459d1db2f9dc27f3e, type: 3}
      propertyPath: m_LocalPosition.y
      value: 16.595
      objectReference: {fileID: 0}
    - target: {fileID: 405124, guid: 513a0e1241d2a72459d1db2f9dc27f3e, type: 3}
      propertyPath: m_LocalPosition.z
      value: 442.154
      objectReference: {fileID: 0}
    - target: {fileID: 405124, guid: 513a0e1241d2a72459d1db2f9dc27f3e, type: 3}
      propertyPath: m_LocalRotation.w
      value: 0.13041307
      objectReference: {fileID: 0}
    - target: {fileID: 405124, guid: 513a0e1241d2a72459d1db2f9dc27f3e, type: 3}
      propertyPath: m_LocalRotation.x
      value: -0.041230503
      objectReference: {fileID: 0}
    - target: {fileID: 405124, guid: 513a0e1241d2a72459d1db2f9dc27f3e, type: 3}
      propertyPath: m_LocalRotation.y
      value: -0.99058723
      objectReference: {fileID: 0}
    - target: {fileID: 405124, guid: 513a0e1241d2a72459d1db2f9dc27f3e, type: 3}
      propertyPath: m_LocalRotation.z
      value: 0.005428068
      objectReference: {fileID: 0}
    m_RemovedComponents: []
    m_RemovedGameObjects: []
    m_AddedGameObjects: []
    m_AddedComponents: []
  m_SourcePrefab: {fileID: 100100000, guid: 513a0e1241d2a72459d1db2f9dc27f3e, type: 3}
--- !u!4 &3992151824375449840 stripped
Transform:
  m_CorrespondingSourceObject: {fileID: 405124, guid: 513a0e1241d2a72459d1db2f9dc27f3e, type: 3}
  m_PrefabInstance: {fileID: 3992151824375588468}
  m_PrefabAsset: {fileID: 0}
--- !u!1001 &4012741227051376070
PrefabInstance:
  m_ObjectHideFlags: 0
  serializedVersion: 2
  m_Modification:
    serializedVersion: 3
    m_TransformParent: {fileID: 8945981681571661019}
    m_Modifications:
    - target: {fileID: 482554, guid: b3c489c06c04c1d4d835d20adc6ab60a, type: 3}
      propertyPath: m_RootOrder
      value: 3883
      objectReference: {fileID: 0}
    - target: {fileID: 482554, guid: b3c489c06c04c1d4d835d20adc6ab60a, type: 3}
      propertyPath: m_LocalPosition.x
      value: 615.26
      objectReference: {fileID: 0}
    - target: {fileID: 482554, guid: b3c489c06c04c1d4d835d20adc6ab60a, type: 3}
      propertyPath: m_LocalPosition.y
      value: 14.66
      objectReference: {fileID: 0}
    - target: {fileID: 482554, guid: b3c489c06c04c1d4d835d20adc6ab60a, type: 3}
      propertyPath: m_LocalPosition.z
      value: 424.5
      objectReference: {fileID: 0}
    - target: {fileID: 482554, guid: b3c489c06c04c1d4d835d20adc6ab60a, type: 3}
      propertyPath: m_LocalRotation.w
      value: 0.99999714
      objectReference: {fileID: 0}
    - target: {fileID: 482554, guid: b3c489c06c04c1d4d835d20adc6ab60a, type: 3}
      propertyPath: m_LocalRotation.x
      value: 0.0009170277
      objectReference: {fileID: 0}
    - target: {fileID: 482554, guid: b3c489c06c04c1d4d835d20adc6ab60a, type: 3}
      propertyPath: m_LocalRotation.y
      value: -0.0020903728
      objectReference: {fileID: 0}
    - target: {fileID: 482554, guid: b3c489c06c04c1d4d835d20adc6ab60a, type: 3}
      propertyPath: m_LocalRotation.z
      value: 0.00075373804
      objectReference: {fileID: 0}
    m_RemovedComponents: []
    m_RemovedGameObjects: []
    m_AddedGameObjects: []
    m_AddedComponents: []
  m_SourcePrefab: {fileID: 100100000, guid: b3c489c06c04c1d4d835d20adc6ab60a, type: 3}
--- !u!4 &4012741227051024700 stripped
Transform:
  m_CorrespondingSourceObject: {fileID: 482554, guid: b3c489c06c04c1d4d835d20adc6ab60a, type: 3}
  m_PrefabInstance: {fileID: 4012741227051376070}
  m_PrefabAsset: {fileID: 0}
--- !u!1001 &4201611815595631071
PrefabInstance:
  m_ObjectHideFlags: 0
  serializedVersion: 2
  m_Modification:
    serializedVersion: 3
    m_TransformParent: {fileID: 8945981681571661019}
    m_Modifications:
    - target: {fileID: 124836, guid: b4bb1f5d4e31a07409ece01b4cf53b22, type: 3}
      propertyPath: m_Name
      value: Struct_Fence1_Mid_A 14
      objectReference: {fileID: 0}
    - target: {fileID: 464194, guid: b4bb1f5d4e31a07409ece01b4cf53b22, type: 3}
      propertyPath: m_RootOrder
      value: 4610
      objectReference: {fileID: 0}
    - target: {fileID: 464194, guid: b4bb1f5d4e31a07409ece01b4cf53b22, type: 3}
      propertyPath: m_LocalPosition.x
      value: 651.94
      objectReference: {fileID: 0}
    - target: {fileID: 464194, guid: b4bb1f5d4e31a07409ece01b4cf53b22, type: 3}
      propertyPath: m_LocalPosition.y
      value: 16.19
      objectReference: {fileID: 0}
    - target: {fileID: 464194, guid: b4bb1f5d4e31a07409ece01b4cf53b22, type: 3}
      propertyPath: m_LocalPosition.z
      value: 437.58
      objectReference: {fileID: 0}
    - target: {fileID: 464194, guid: b4bb1f5d4e31a07409ece01b4cf53b22, type: 3}
      propertyPath: m_LocalRotation.w
      value: 0.7071076
      objectReference: {fileID: 0}
    - target: {fileID: 464194, guid: b4bb1f5d4e31a07409ece01b4cf53b22, type: 3}
      propertyPath: m_LocalRotation.x
      value: -0
      objectReference: {fileID: 0}
    - target: {fileID: 464194, guid: b4bb1f5d4e31a07409ece01b4cf53b22, type: 3}
      propertyPath: m_LocalRotation.y
      value: 0.707106
      objectReference: {fileID: 0}
    - target: {fileID: 464194, guid: b4bb1f5d4e31a07409ece01b4cf53b22, type: 3}
      propertyPath: m_LocalRotation.z
      value: -0
      objectReference: {fileID: 0}
    m_RemovedComponents: []
    m_RemovedGameObjects: []
    m_AddedGameObjects: []
    m_AddedComponents: []
  m_SourcePrefab: {fileID: 100100000, guid: b4bb1f5d4e31a07409ece01b4cf53b22, type: 3}
--- !u!4 &4201611815595963549 stripped
Transform:
  m_CorrespondingSourceObject: {fileID: 464194, guid: b4bb1f5d4e31a07409ece01b4cf53b22, type: 3}
  m_PrefabInstance: {fileID: 4201611815595631071}
  m_PrefabAsset: {fileID: 0}
--- !u!1001 &4259365250893804307
PrefabInstance:
  m_ObjectHideFlags: 0
  serializedVersion: 2
  m_Modification:
    serializedVersion: 3
    m_TransformParent: {fileID: 8945981681571661019}
    m_Modifications:
    - target: {fileID: 136794, guid: 513a0e1241d2a72459d1db2f9dc27f3e, type: 3}
      propertyPath: m_Name
      value: Prop_Gravestone_C 6
      objectReference: {fileID: 0}
    - target: {fileID: 405124, guid: 513a0e1241d2a72459d1db2f9dc27f3e, type: 3}
      propertyPath: m_RootOrder
      value: 4094
      objectReference: {fileID: 0}
    - target: {fileID: 405124, guid: 513a0e1241d2a72459d1db2f9dc27f3e, type: 3}
      propertyPath: m_LocalPosition.x
      value: 635.32
      objectReference: {fileID: 0}
    - target: {fileID: 405124, guid: 513a0e1241d2a72459d1db2f9dc27f3e, type: 3}
      propertyPath: m_LocalPosition.y
      value: 16.664
      objectReference: {fileID: 0}
    - target: {fileID: 405124, guid: 513a0e1241d2a72459d1db2f9dc27f3e, type: 3}
      propertyPath: m_LocalPosition.z
      value: 455.15
      objectReference: {fileID: 0}
    - target: {fileID: 405124, guid: 513a0e1241d2a72459d1db2f9dc27f3e, type: 3}
      propertyPath: m_LocalRotation.w
      value: 0.09161713
      objectReference: {fileID: 0}
    - target: {fileID: 405124, guid: 513a0e1241d2a72459d1db2f9dc27f3e, type: 3}
      propertyPath: m_LocalRotation.x
      value: 0.0000000020023572
      objectReference: {fileID: 0}
    - target: {fileID: 405124, guid: 513a0e1241d2a72459d1db2f9dc27f3e, type: 3}
      propertyPath: m_LocalRotation.y
      value: -0.99579436
      objectReference: {fileID: 0}
    - target: {fileID: 405124, guid: 513a0e1241d2a72459d1db2f9dc27f3e, type: 3}
      propertyPath: m_LocalRotation.z
      value: -0.000000021763777
      objectReference: {fileID: 0}
    m_RemovedComponents: []
    m_RemovedGameObjects: []
    m_AddedGameObjects: []
    m_AddedComponents: []
  m_SourcePrefab: {fileID: 100100000, guid: 513a0e1241d2a72459d1db2f9dc27f3e, type: 3}
--- !u!4 &4259365250893929879 stripped
Transform:
  m_CorrespondingSourceObject: {fileID: 405124, guid: 513a0e1241d2a72459d1db2f9dc27f3e, type: 3}
  m_PrefabInstance: {fileID: 4259365250893804307}
  m_PrefabAsset: {fileID: 0}
--- !u!1001 &4324681438592899411
PrefabInstance:
  m_ObjectHideFlags: 0
  serializedVersion: 2
  m_Modification:
    serializedVersion: 3
    m_TransformParent: {fileID: 8945981681571661019}
    m_Modifications:
    - target: {fileID: 154148, guid: 73a46d03e13dd2b4ebddaeb829191c7d, type: 3}
      propertyPath: m_Name
      value: Prop_Gravestone_E 1
      objectReference: {fileID: 0}
    - target: {fileID: 426280, guid: 73a46d03e13dd2b4ebddaeb829191c7d, type: 3}
      propertyPath: m_RootOrder
      value: 3742
      objectReference: {fileID: 0}
    - target: {fileID: 426280, guid: 73a46d03e13dd2b4ebddaeb829191c7d, type: 3}
      propertyPath: m_LocalPosition.x
      value: 630.77
      objectReference: {fileID: 0}
    - target: {fileID: 426280, guid: 73a46d03e13dd2b4ebddaeb829191c7d, type: 3}
      propertyPath: m_LocalPosition.y
      value: 16.76
      objectReference: {fileID: 0}
    - target: {fileID: 426280, guid: 73a46d03e13dd2b4ebddaeb829191c7d, type: 3}
      propertyPath: m_LocalPosition.z
      value: 440.38
      objectReference: {fileID: 0}
    - target: {fileID: 426280, guid: 73a46d03e13dd2b4ebddaeb829191c7d, type: 3}
      propertyPath: m_LocalRotation.w
      value: 1
      objectReference: {fileID: 0}
    - target: {fileID: 426280, guid: 73a46d03e13dd2b4ebddaeb829191c7d, type: 3}
      propertyPath: m_LocalRotation.x
      value: 0.000000021855694
      objectReference: {fileID: 0}
    - target: {fileID: 426280, guid: 73a46d03e13dd2b4ebddaeb829191c7d, type: 3}
      propertyPath: m_LocalRotation.y
      value: -0
      objectReference: {fileID: 0}
    - target: {fileID: 426280, guid: 73a46d03e13dd2b4ebddaeb829191c7d, type: 3}
      propertyPath: m_LocalRotation.z
      value: -0
      objectReference: {fileID: 0}
    m_RemovedComponents: []
    m_RemovedGameObjects: []
    m_AddedGameObjects: []
    m_AddedComponents: []
  m_SourcePrefab: {fileID: 100100000, guid: 73a46d03e13dd2b4ebddaeb829191c7d, type: 3}
--- !u!4 &4324681438592538747 stripped
Transform:
  m_CorrespondingSourceObject: {fileID: 426280, guid: 73a46d03e13dd2b4ebddaeb829191c7d, type: 3}
  m_PrefabInstance: {fileID: 4324681438592899411}
  m_PrefabAsset: {fileID: 0}
--- !u!1001 &4427962159966636111
PrefabInstance:
  m_ObjectHideFlags: 0
  serializedVersion: 2
  m_Modification:
    serializedVersion: 3
    m_TransformParent: {fileID: 8945981681571661019}
    m_Modifications:
    - target: {fileID: 495364, guid: 1a7d988da17e44741aabfb0c94a2035b, type: 3}
      propertyPath: m_RootOrder
      value: 1685
      objectReference: {fileID: 0}
    - target: {fileID: 495364, guid: 1a7d988da17e44741aabfb0c94a2035b, type: 3}
      propertyPath: m_LocalPosition.x
      value: 612.405
      objectReference: {fileID: 0}
    - target: {fileID: 495364, guid: 1a7d988da17e44741aabfb0c94a2035b, type: 3}
      propertyPath: m_LocalPosition.y
      value: 16.512705
      objectReference: {fileID: 0}
    - target: {fileID: 495364, guid: 1a7d988da17e44741aabfb0c94a2035b, type: 3}
      propertyPath: m_LocalPosition.z
      value: 434.136
      objectReference: {fileID: 0}
    - target: {fileID: 495364, guid: 1a7d988da17e44741aabfb0c94a2035b, type: 3}
      propertyPath: m_LocalRotation.w
      value: 0.2229752
      objectReference: {fileID: 0}
    - target: {fileID: 495364, guid: 1a7d988da17e44741aabfb0c94a2035b, type: 3}
      propertyPath: m_LocalRotation.x
      value: -0
      objectReference: {fileID: 0}
    - target: {fileID: 495364, guid: 1a7d988da17e44741aabfb0c94a2035b, type: 3}
      propertyPath: m_LocalRotation.y
      value: -0.9748242
      objectReference: {fileID: 0}
    - target: {fileID: 495364, guid: 1a7d988da17e44741aabfb0c94a2035b, type: 3}
      propertyPath: m_LocalRotation.z
      value: -0
      objectReference: {fileID: 0}
    m_RemovedComponents: []
    m_RemovedGameObjects: []
    m_AddedGameObjects: []
    m_AddedComponents: []
  m_SourcePrefab: {fileID: 100100000, guid: 1a7d988da17e44741aabfb0c94a2035b, type: 3}
--- !u!4 &4427962159966275403 stripped
Transform:
  m_CorrespondingSourceObject: {fileID: 495364, guid: 1a7d988da17e44741aabfb0c94a2035b, type: 3}
  m_PrefabInstance: {fileID: 4427962159966636111}
  m_PrefabAsset: {fileID: 0}
--- !u!1001 &4823533440140158221
PrefabInstance:
  m_ObjectHideFlags: 0
  serializedVersion: 2
  m_Modification:
    serializedVersion: 3
    m_TransformParent: {fileID: 8945981681571661019}
    m_Modifications:
    - target: {fileID: 136794, guid: 513a0e1241d2a72459d1db2f9dc27f3e, type: 3}
      propertyPath: m_Name
      value: Prop_Gravestone_C 1
      objectReference: {fileID: 0}
    - target: {fileID: 405124, guid: 513a0e1241d2a72459d1db2f9dc27f3e, type: 3}
      propertyPath: m_RootOrder
      value: 4181
      objectReference: {fileID: 0}
    - target: {fileID: 405124, guid: 513a0e1241d2a72459d1db2f9dc27f3e, type: 3}
      propertyPath: m_LocalPosition.x
      value: 625.82
      objectReference: {fileID: 0}
    - target: {fileID: 405124, guid: 513a0e1241d2a72459d1db2f9dc27f3e, type: 3}
      propertyPath: m_LocalPosition.y
      value: 16.55
      objectReference: {fileID: 0}
    - target: {fileID: 405124, guid: 513a0e1241d2a72459d1db2f9dc27f3e, type: 3}
      propertyPath: m_LocalPosition.z
      value: 440.15
      objectReference: {fileID: 0}
    - target: {fileID: 405124, guid: 513a0e1241d2a72459d1db2f9dc27f3e, type: 3}
      propertyPath: m_LocalRotation.w
      value: -0.98867095
      objectReference: {fileID: 0}
    - target: {fileID: 405124, guid: 513a0e1241d2a72459d1db2f9dc27f3e, type: 3}
      propertyPath: m_LocalRotation.x
      value: -0.06480024
      objectReference: {fileID: 0}
    - target: {fileID: 405124, guid: 513a0e1241d2a72459d1db2f9dc27f3e, type: 3}
      propertyPath: m_LocalRotation.y
      value: 0.11962142
      objectReference: {fileID: 0}
    - target: {fileID: 405124, guid: 513a0e1241d2a72459d1db2f9dc27f3e, type: 3}
      propertyPath: m_LocalRotation.z
      value: -0.063414924
      objectReference: {fileID: 0}
    m_RemovedComponents: []
    m_RemovedGameObjects: []
    m_AddedGameObjects: []
    m_AddedComponents: []
  m_SourcePrefab: {fileID: 100100000, guid: 513a0e1241d2a72459d1db2f9dc27f3e, type: 3}
--- !u!4 &4823533440140020617 stripped
Transform:
  m_CorrespondingSourceObject: {fileID: 405124, guid: 513a0e1241d2a72459d1db2f9dc27f3e, type: 3}
  m_PrefabInstance: {fileID: 4823533440140158221}
  m_PrefabAsset: {fileID: 0}
--- !u!1001 &5420247422845719638
PrefabInstance:
  m_ObjectHideFlags: 0
  serializedVersion: 2
  m_Modification:
    serializedVersion: 3
    m_TransformParent: {fileID: 8945981681571661019}
    m_Modifications:
    - target: {fileID: 136794, guid: 513a0e1241d2a72459d1db2f9dc27f3e, type: 3}
      propertyPath: m_Name
      value: Prop_Gravestone_C 14
      objectReference: {fileID: 0}
    - target: {fileID: 405124, guid: 513a0e1241d2a72459d1db2f9dc27f3e, type: 3}
      propertyPath: m_RootOrder
      value: 4143
      objectReference: {fileID: 0}
    - target: {fileID: 405124, guid: 513a0e1241d2a72459d1db2f9dc27f3e, type: 3}
      propertyPath: m_LocalPosition.x
      value: 607.82
      objectReference: {fileID: 0}
    - target: {fileID: 405124, guid: 513a0e1241d2a72459d1db2f9dc27f3e, type: 3}
      propertyPath: m_LocalPosition.y
      value: 16.684
      objectReference: {fileID: 0}
    - target: {fileID: 405124, guid: 513a0e1241d2a72459d1db2f9dc27f3e, type: 3}
      propertyPath: m_LocalPosition.z
      value: 440.15
      objectReference: {fileID: 0}
    - target: {fileID: 405124, guid: 513a0e1241d2a72459d1db2f9dc27f3e, type: 3}
      propertyPath: m_LocalRotation.w
      value: -0.000000044703484
      objectReference: {fileID: 0}
    - target: {fileID: 405124, guid: 513a0e1241d2a72459d1db2f9dc27f3e, type: 3}
      propertyPath: m_LocalRotation.x
      value: 0.000000005656662
      objectReference: {fileID: 0}
    - target: {fileID: 405124, guid: 513a0e1241d2a72459d1db2f9dc27f3e, type: 3}
      propertyPath: m_LocalRotation.y
      value: -1
      objectReference: {fileID: 0}
    - target: {fileID: 405124, guid: 513a0e1241d2a72459d1db2f9dc27f3e, type: 3}
      propertyPath: m_LocalRotation.z
      value: -0.000000021110981
      objectReference: {fileID: 0}
    m_RemovedComponents: []
    m_RemovedGameObjects: []
    m_AddedGameObjects: []
    m_AddedComponents: []
  m_SourcePrefab: {fileID: 100100000, guid: 513a0e1241d2a72459d1db2f9dc27f3e, type: 3}
--- !u!4 &5420247422845860562 stripped
Transform:
  m_CorrespondingSourceObject: {fileID: 405124, guid: 513a0e1241d2a72459d1db2f9dc27f3e, type: 3}
  m_PrefabInstance: {fileID: 5420247422845719638}
  m_PrefabAsset: {fileID: 0}
--- !u!1001 &5490158633482820420
PrefabInstance:
  m_ObjectHideFlags: 0
  serializedVersion: 2
  m_Modification:
    serializedVersion: 3
    m_TransformParent: {fileID: 8945981681571661019}
    m_Modifications:
    - target: {fileID: 418336, guid: 7e6af4e8360e4b342840a974109fcaed, type: 3}
      propertyPath: m_RootOrder
      value: 4150
      objectReference: {fileID: 0}
    - target: {fileID: 418336, guid: 7e6af4e8360e4b342840a974109fcaed, type: 3}
      propertyPath: m_LocalPosition.x
      value: 640.3
      objectReference: {fileID: 0}
    - target: {fileID: 418336, guid: 7e6af4e8360e4b342840a974109fcaed, type: 3}
      propertyPath: m_LocalPosition.y
      value: 16.657
      objectReference: {fileID: 0}
    - target: {fileID: 418336, guid: 7e6af4e8360e4b342840a974109fcaed, type: 3}
      propertyPath: m_LocalPosition.z
      value: 455.37
      objectReference: {fileID: 0}
    - target: {fileID: 418336, guid: 7e6af4e8360e4b342840a974109fcaed, type: 3}
      propertyPath: m_LocalRotation.w
      value: -0.00000016465108
      objectReference: {fileID: 0}
    - target: {fileID: 418336, guid: 7e6af4e8360e4b342840a974109fcaed, type: 3}
      propertyPath: m_LocalRotation.x
      value: 0.03969107
      objectReference: {fileID: 0}
    - target: {fileID: 418336, guid: 7e6af4e8360e4b342840a974109fcaed, type: 3}
      propertyPath: m_LocalRotation.y
      value: -0.999212
      objectReference: {fileID: 0}
    - target: {fileID: 418336, guid: 7e6af4e8360e4b342840a974109fcaed, type: 3}
      propertyPath: m_LocalRotation.z
      value: -0.000000015332606
      objectReference: {fileID: 0}
    m_RemovedComponents: []
    m_RemovedGameObjects: []
    m_AddedGameObjects: []
    m_AddedComponents: []
  m_SourcePrefab: {fileID: 100100000, guid: 7e6af4e8360e4b342840a974109fcaed, type: 3}
--- !u!4 &5490158633483237732 stripped
Transform:
  m_CorrespondingSourceObject: {fileID: 418336, guid: 7e6af4e8360e4b342840a974109fcaed, type: 3}
  m_PrefabInstance: {fileID: 5490158633482820420}
  m_PrefabAsset: {fileID: 0}
--- !u!1001 &5692681802218140455
PrefabInstance:
  m_ObjectHideFlags: 0
  serializedVersion: 2
  m_Modification:
    serializedVersion: 3
    m_TransformParent: {fileID: 8945981681571661019}
    m_Modifications:
    - target: {fileID: 136794, guid: 513a0e1241d2a72459d1db2f9dc27f3e, type: 3}
      propertyPath: m_Name
      value: Prop_Gravestone_C 11
      objectReference: {fileID: 0}
    - target: {fileID: 405124, guid: 513a0e1241d2a72459d1db2f9dc27f3e, type: 3}
      propertyPath: m_RootOrder
      value: 4118
      objectReference: {fileID: 0}
    - target: {fileID: 405124, guid: 513a0e1241d2a72459d1db2f9dc27f3e, type: 3}
      propertyPath: m_LocalPosition.x
      value: 622.82
      objectReference: {fileID: 0}
    - target: {fileID: 405124, guid: 513a0e1241d2a72459d1db2f9dc27f3e, type: 3}
      propertyPath: m_LocalPosition.y
      value: 16.65
      objectReference: {fileID: 0}
    - target: {fileID: 405124, guid: 513a0e1241d2a72459d1db2f9dc27f3e, type: 3}
      propertyPath: m_LocalPosition.z
      value: 461.65
      objectReference: {fileID: 0}
    - target: {fileID: 405124, guid: 513a0e1241d2a72459d1db2f9dc27f3e, type: 3}
      propertyPath: m_LocalRotation.w
      value: 0.016136816
      objectReference: {fileID: 0}
    - target: {fileID: 405124, guid: 513a0e1241d2a72459d1db2f9dc27f3e, type: 3}
      propertyPath: m_LocalRotation.x
      value: -0.056942977
      objectReference: {fileID: 0}
    - target: {fileID: 405124, guid: 513a0e1241d2a72459d1db2f9dc27f3e, type: 3}
      propertyPath: m_LocalRotation.y
      value: -0.9982466
      objectReference: {fileID: 0}
    - target: {fileID: 405124, guid: 513a0e1241d2a72459d1db2f9dc27f3e, type: 3}
      propertyPath: m_LocalRotation.z
      value: 0.0009204705
      objectReference: {fileID: 0}
    m_RemovedComponents: []
    m_RemovedGameObjects: []
    m_AddedGameObjects: []
    m_AddedComponents: []
  m_SourcePrefab: {fileID: 100100000, guid: 513a0e1241d2a72459d1db2f9dc27f3e, type: 3}
--- !u!4 &5692681802218266019 stripped
Transform:
  m_CorrespondingSourceObject: {fileID: 405124, guid: 513a0e1241d2a72459d1db2f9dc27f3e, type: 3}
  m_PrefabInstance: {fileID: 5692681802218140455}
  m_PrefabAsset: {fileID: 0}
--- !u!1001 &5888268590094236296
PrefabInstance:
  m_ObjectHideFlags: 0
  serializedVersion: 2
  m_Modification:
    serializedVersion: 3
    m_TransformParent: {fileID: 8945981681571661019}
    m_Modifications:
    - target: {fileID: 136794, guid: 513a0e1241d2a72459d1db2f9dc27f3e, type: 3}
      propertyPath: m_Name
      value: Prop_Gravestone_C 3
      objectReference: {fileID: 0}
    - target: {fileID: 405124, guid: 513a0e1241d2a72459d1db2f9dc27f3e, type: 3}
      propertyPath: m_RootOrder
      value: 3935
      objectReference: {fileID: 0}
    - target: {fileID: 405124, guid: 513a0e1241d2a72459d1db2f9dc27f3e, type: 3}
      propertyPath: m_LocalPosition.x
      value: 627.32
      objectReference: {fileID: 0}
    - target: {fileID: 405124, guid: 513a0e1241d2a72459d1db2f9dc27f3e, type: 3}
      propertyPath: m_LocalPosition.y
      value: 16.76
      objectReference: {fileID: 0}
    - target: {fileID: 405124, guid: 513a0e1241d2a72459d1db2f9dc27f3e, type: 3}
      propertyPath: m_LocalPosition.z
      value: 433.15
      objectReference: {fileID: 0}
    - target: {fileID: 405124, guid: 513a0e1241d2a72459d1db2f9dc27f3e, type: 3}
      propertyPath: m_LocalRotation.w
      value: -0.25881916
      objectReference: {fileID: 0}
    - target: {fileID: 405124, guid: 513a0e1241d2a72459d1db2f9dc27f3e, type: 3}
      propertyPath: m_LocalRotation.x
      value: -0.0000000056566716
      objectReference: {fileID: 0}
    - target: {fileID: 405124, guid: 513a0e1241d2a72459d1db2f9dc27f3e, type: 3}
      propertyPath: m_LocalRotation.y
      value: -0.9659258
      objectReference: {fileID: 0}
    - target: {fileID: 405124, guid: 513a0e1241d2a72459d1db2f9dc27f3e, type: 3}
      propertyPath: m_LocalRotation.z
      value: -0.00000002111098
      objectReference: {fileID: 0}
    m_RemovedComponents: []
    m_RemovedGameObjects: []
    m_AddedGameObjects: []
    m_AddedComponents: []
  m_SourcePrefab: {fileID: 100100000, guid: 513a0e1241d2a72459d1db2f9dc27f3e, type: 3}
--- !u!4 &5888268590094619660 stripped
Transform:
  m_CorrespondingSourceObject: {fileID: 405124, guid: 513a0e1241d2a72459d1db2f9dc27f3e, type: 3}
  m_PrefabInstance: {fileID: 5888268590094236296}
  m_PrefabAsset: {fileID: 0}
--- !u!1001 &6293929894284214768
PrefabInstance:
  m_ObjectHideFlags: 0
  serializedVersion: 2
  m_Modification:
    serializedVersion: 3
    m_TransformParent: {fileID: 8945981681571661019}
    m_Modifications:
    - target: {fileID: 469502, guid: 04c36f15bbecd854cab50deedb5c594f, type: 3}
      propertyPath: m_RootOrder
      value: 2456
      objectReference: {fileID: 0}
    - target: {fileID: 469502, guid: 04c36f15bbecd854cab50deedb5c594f, type: 3}
      propertyPath: m_LocalScale.x
      value: -1
      objectReference: {fileID: 0}
    - target: {fileID: 469502, guid: 04c36f15bbecd854cab50deedb5c594f, type: 3}
      propertyPath: m_LocalPosition.x
      value: 619
      objectReference: {fileID: 0}
    - target: {fileID: 469502, guid: 04c36f15bbecd854cab50deedb5c594f, type: 3}
      propertyPath: m_LocalPosition.y
      value: 16.5
      objectReference: {fileID: 0}
    - target: {fileID: 469502, guid: 04c36f15bbecd854cab50deedb5c594f, type: 3}
      propertyPath: m_LocalPosition.z
      value: 425
      objectReference: {fileID: 0}
    - target: {fileID: 469502, guid: 04c36f15bbecd854cab50deedb5c594f, type: 3}
      propertyPath: m_LocalRotation.w
      value: 0.000002324581
      objectReference: {fileID: 0}
    - target: {fileID: 469502, guid: 04c36f15bbecd854cab50deedb5c594f, type: 3}
      propertyPath: m_LocalRotation.x
      value: -0
      objectReference: {fileID: 0}
    - target: {fileID: 469502, guid: 04c36f15bbecd854cab50deedb5c594f, type: 3}
      propertyPath: m_LocalRotation.y
      value: -1
      objectReference: {fileID: 0}
    - target: {fileID: 469502, guid: 04c36f15bbecd854cab50deedb5c594f, type: 3}
      propertyPath: m_LocalRotation.z
      value: -0
      objectReference: {fileID: 0}
    m_RemovedComponents: []
    m_RemovedGameObjects: []
    m_AddedGameObjects: []
    m_AddedComponents: []
  m_SourcePrefab: {fileID: 100100000, guid: 04c36f15bbecd854cab50deedb5c594f, type: 3}
--- !u!4 &6293929894284027918 stripped
Transform:
  m_CorrespondingSourceObject: {fileID: 469502, guid: 04c36f15bbecd854cab50deedb5c594f, type: 3}
  m_PrefabInstance: {fileID: 6293929894284214768}
  m_PrefabAsset: {fileID: 0}
--- !u!1001 &6467980399150619167
PrefabInstance:
  m_ObjectHideFlags: 0
  serializedVersion: 2
  m_Modification:
    serializedVersion: 3
    m_TransformParent: {fileID: 8945981681571661019}
    m_Modifications:
    - target: {fileID: 124836, guid: b4bb1f5d4e31a07409ece01b4cf53b22, type: 3}
      propertyPath: m_Name
      value: Struct_Fence1_Mid_A 15
      objectReference: {fileID: 0}
    - target: {fileID: 464194, guid: b4bb1f5d4e31a07409ece01b4cf53b22, type: 3}
      propertyPath: m_RootOrder
      value: 4273
      objectReference: {fileID: 0}
    - target: {fileID: 464194, guid: b4bb1f5d4e31a07409ece01b4cf53b22, type: 3}
      propertyPath: m_LocalPosition.x
      value: 651.94
      objectReference: {fileID: 0}
    - target: {fileID: 464194, guid: b4bb1f5d4e31a07409ece01b4cf53b22, type: 3}
      propertyPath: m_LocalPosition.y
      value: 16.19
      objectReference: {fileID: 0}
    - target: {fileID: 464194, guid: b4bb1f5d4e31a07409ece01b4cf53b22, type: 3}
      propertyPath: m_LocalPosition.z
      value: 449.58
      objectReference: {fileID: 0}
    - target: {fileID: 464194, guid: b4bb1f5d4e31a07409ece01b4cf53b22, type: 3}
      propertyPath: m_LocalRotation.w
      value: 0.676706
      objectReference: {fileID: 0}
    - target: {fileID: 464194, guid: b4bb1f5d4e31a07409ece01b4cf53b22, type: 3}
      propertyPath: m_LocalRotation.x
      value: 0.024707237
      objectReference: {fileID: 0}
    - target: {fileID: 464194, guid: b4bb1f5d4e31a07409ece01b4cf53b22, type: 3}
      propertyPath: m_LocalRotation.y
      value: 0.7353486
      objectReference: {fileID: 0}
    - target: {fileID: 464194, guid: b4bb1f5d4e31a07409ece01b4cf53b22, type: 3}
      propertyPath: m_LocalRotation.z
      value: 0.026852747
      objectReference: {fileID: 0}
    m_RemovedComponents: []
    m_RemovedGameObjects: []
    m_AddedGameObjects: []
    m_AddedComponents: []
  m_SourcePrefab: {fileID: 100100000, guid: b4bb1f5d4e31a07409ece01b4cf53b22, type: 3}
--- !u!4 &6467980399150157661 stripped
Transform:
  m_CorrespondingSourceObject: {fileID: 464194, guid: b4bb1f5d4e31a07409ece01b4cf53b22, type: 3}
  m_PrefabInstance: {fileID: 6467980399150619167}
  m_PrefabAsset: {fileID: 0}
--- !u!1001 &6735325954316190621
PrefabInstance:
  m_ObjectHideFlags: 0
  serializedVersion: 2
  m_Modification:
    serializedVersion: 3
    m_TransformParent: {fileID: 8945981681571661019}
    m_Modifications:
    - target: {fileID: 105984, guid: 1eb5970d54060cd4fa9d893223f463e4, type: 3}
      propertyPath: m_Name
      value: Prop_Gravestone_A 4
      objectReference: {fileID: 0}
    - target: {fileID: 484950, guid: 1eb5970d54060cd4fa9d893223f463e4, type: 3}
      propertyPath: m_RootOrder
      value: 3751
      objectReference: {fileID: 0}
    - target: {fileID: 484950, guid: 1eb5970d54060cd4fa9d893223f463e4, type: 3}
      propertyPath: m_LocalScale.y
      value: 1
      objectReference: {fileID: 0}
    - target: {fileID: 484950, guid: 1eb5970d54060cd4fa9d893223f463e4, type: 3}
      propertyPath: m_LocalScale.z
      value: 1
      objectReference: {fileID: 0}
    - target: {fileID: 484950, guid: 1eb5970d54060cd4fa9d893223f463e4, type: 3}
      propertyPath: m_LocalPosition.x
      value: 610.76
      objectReference: {fileID: 0}
    - target: {fileID: 484950, guid: 1eb5970d54060cd4fa9d893223f463e4, type: 3}
      propertyPath: m_LocalPosition.y
      value: 17.13
      objectReference: {fileID: 0}
    - target: {fileID: 484950, guid: 1eb5970d54060cd4fa9d893223f463e4, type: 3}
      propertyPath: m_LocalPosition.z
      value: 462.79
      objectReference: {fileID: 0}
    - target: {fileID: 484950, guid: 1eb5970d54060cd4fa9d893223f463e4, type: 3}
      propertyPath: m_LocalRotation.w
      value: 1
      objectReference: {fileID: 0}
    - target: {fileID: 484950, guid: 1eb5970d54060cd4fa9d893223f463e4, type: 3}
      propertyPath: m_LocalRotation.x
      value: -0
      objectReference: {fileID: 0}
    - target: {fileID: 484950, guid: 1eb5970d54060cd4fa9d893223f463e4, type: 3}
      propertyPath: m_LocalRotation.y
      value: -0
      objectReference: {fileID: 0}
    - target: {fileID: 484950, guid: 1eb5970d54060cd4fa9d893223f463e4, type: 3}
      propertyPath: m_LocalRotation.z
      value: -0
      objectReference: {fileID: 0}
    m_RemovedComponents: []
    m_RemovedGameObjects: []
    m_AddedGameObjects: []
    m_AddedComponents: []
  m_SourcePrefab: {fileID: 100100000, guid: 1eb5970d54060cd4fa9d893223f463e4, type: 3}
--- !u!4 &6735325954316117451 stripped
Transform:
  m_CorrespondingSourceObject: {fileID: 484950, guid: 1eb5970d54060cd4fa9d893223f463e4, type: 3}
  m_PrefabInstance: {fileID: 6735325954316190621}
  m_PrefabAsset: {fileID: 0}
--- !u!1001 &6812089394973799353
PrefabInstance:
  m_ObjectHideFlags: 0
  serializedVersion: 2
  m_Modification:
    serializedVersion: 3
    m_TransformParent: {fileID: 8945981681571661019}
    m_Modifications:
    - target: {fileID: 484950, guid: 1eb5970d54060cd4fa9d893223f463e4, type: 3}
      propertyPath: m_RootOrder
      value: 4172
      objectReference: {fileID: 0}
    - target: {fileID: 484950, guid: 1eb5970d54060cd4fa9d893223f463e4, type: 3}
      propertyPath: m_LocalScale.y
      value: 1
      objectReference: {fileID: 0}
    - target: {fileID: 484950, guid: 1eb5970d54060cd4fa9d893223f463e4, type: 3}
      propertyPath: m_LocalScale.z
      value: 1
      objectReference: {fileID: 0}
    - target: {fileID: 484950, guid: 1eb5970d54060cd4fa9d893223f463e4, type: 3}
      propertyPath: m_LocalPosition.x
      value: 636.26
      objectReference: {fileID: 0}
    - target: {fileID: 484950, guid: 1eb5970d54060cd4fa9d893223f463e4, type: 3}
      propertyPath: m_LocalPosition.y
      value: 16.507
      objectReference: {fileID: 0}
    - target: {fileID: 484950, guid: 1eb5970d54060cd4fa9d893223f463e4, type: 3}
      propertyPath: m_LocalPosition.z
      value: 440.29
      objectReference: {fileID: 0}
    - target: {fileID: 484950, guid: 1eb5970d54060cd4fa9d893223f463e4, type: 3}
      propertyPath: m_LocalRotation.w
      value: 0.99981666
      objectReference: {fileID: 0}
    - target: {fileID: 484950, guid: 1eb5970d54060cd4fa9d893223f463e4, type: 3}
      propertyPath: m_LocalRotation.x
      value: 0.019150065
      objectReference: {fileID: 0}
    - target: {fileID: 484950, guid: 1eb5970d54060cd4fa9d893223f463e4, type: 3}
      propertyPath: m_LocalRotation.y
      value: -0
      objectReference: {fileID: 0}
    - target: {fileID: 484950, guid: 1eb5970d54060cd4fa9d893223f463e4, type: 3}
      propertyPath: m_LocalRotation.z
      value: -0
      objectReference: {fileID: 0}
    m_RemovedComponents: []
    m_RemovedGameObjects: []
    m_AddedGameObjects: []
    m_AddedComponents: []
  m_SourcePrefab: {fileID: 100100000, guid: 1eb5970d54060cd4fa9d893223f463e4, type: 3}
--- !u!4 &6812089394973447663 stripped
Transform:
  m_CorrespondingSourceObject: {fileID: 484950, guid: 1eb5970d54060cd4fa9d893223f463e4, type: 3}
  m_PrefabInstance: {fileID: 6812089394973799353}
  m_PrefabAsset: {fileID: 0}
--- !u!1001 &6822177830795156925
PrefabInstance:
  m_ObjectHideFlags: 0
  serializedVersion: 2
  m_Modification:
    serializedVersion: 3
    m_TransformParent: {fileID: 8945981681571661019}
    m_Modifications:
    - target: {fileID: 175396, guid: 7e6af4e8360e4b342840a974109fcaed, type: 3}
      propertyPath: m_Name
      value: Prop_Gravestone_D 5
      objectReference: {fileID: 0}
    - target: {fileID: 418336, guid: 7e6af4e8360e4b342840a974109fcaed, type: 3}
      propertyPath: m_RootOrder
      value: 4163
      objectReference: {fileID: 0}
    - target: {fileID: 418336, guid: 7e6af4e8360e4b342840a974109fcaed, type: 3}
      propertyPath: m_LocalPosition.x
      value: 611.3
      objectReference: {fileID: 0}
    - target: {fileID: 418336, guid: 7e6af4e8360e4b342840a974109fcaed, type: 3}
      propertyPath: m_LocalPosition.y
      value: 16.666
      objectReference: {fileID: 0}
    - target: {fileID: 418336, guid: 7e6af4e8360e4b342840a974109fcaed, type: 3}
      propertyPath: m_LocalPosition.z
      value: 455.36
      objectReference: {fileID: 0}
    - target: {fileID: 418336, guid: 7e6af4e8360e4b342840a974109fcaed, type: 3}
      propertyPath: m_LocalRotation.w
      value: -0.0000001636842
      objectReference: {fileID: 0}
    - target: {fileID: 418336, guid: 7e6af4e8360e4b342840a974109fcaed, type: 3}
      propertyPath: m_LocalRotation.x
      value: 0.000000008653173
      objectReference: {fileID: 0}
    - target: {fileID: 418336, guid: 7e6af4e8360e4b342840a974109fcaed, type: 3}
      propertyPath: m_LocalRotation.y
      value: -0.99860555
      objectReference: {fileID: 0}
    - target: {fileID: 418336, guid: 7e6af4e8360e4b342840a974109fcaed, type: 3}
      propertyPath: m_LocalRotation.z
      value: -0.052791383
      objectReference: {fileID: 0}
    m_RemovedComponents: []
    m_RemovedGameObjects: []
    m_AddedGameObjects: []
    m_AddedComponents: []
  m_SourcePrefab: {fileID: 100100000, guid: 7e6af4e8360e4b342840a974109fcaed, type: 3}
--- !u!4 &6822177830794788765 stripped
Transform:
  m_CorrespondingSourceObject: {fileID: 418336, guid: 7e6af4e8360e4b342840a974109fcaed, type: 3}
  m_PrefabInstance: {fileID: 6822177830795156925}
  m_PrefabAsset: {fileID: 0}
--- !u!1001 &7040941039595098076
PrefabInstance:
  m_ObjectHideFlags: 0
  serializedVersion: 2
  m_Modification:
    serializedVersion: 3
    m_TransformParent: {fileID: 8945981681571661019}
    m_Modifications:
    - target: {fileID: 405850, guid: 5601521e5fc5f7743993db1ebd891042, type: 3}
      propertyPath: m_RootOrder
      value: 1402
      objectReference: {fileID: 0}
    - target: {fileID: 405850, guid: 5601521e5fc5f7743993db1ebd891042, type: 3}
      propertyPath: m_LocalPosition.x
      value: 617.52
      objectReference: {fileID: 0}
    - target: {fileID: 405850, guid: 5601521e5fc5f7743993db1ebd891042, type: 3}
      propertyPath: m_LocalPosition.y
      value: 16.9
      objectReference: {fileID: 0}
    - target: {fileID: 405850, guid: 5601521e5fc5f7743993db1ebd891042, type: 3}
      propertyPath: m_LocalPosition.z
      value: 423.98
      objectReference: {fileID: 0}
    - target: {fileID: 405850, guid: 5601521e5fc5f7743993db1ebd891042, type: 3}
      propertyPath: m_LocalRotation.w
      value: -0.00000071525574
      objectReference: {fileID: 0}
    - target: {fileID: 405850, guid: 5601521e5fc5f7743993db1ebd891042, type: 3}
      propertyPath: m_LocalRotation.x
      value: -0
      objectReference: {fileID: 0}
    - target: {fileID: 405850, guid: 5601521e5fc5f7743993db1ebd891042, type: 3}
      propertyPath: m_LocalRotation.y
      value: -1
      objectReference: {fileID: 0}
    - target: {fileID: 405850, guid: 5601521e5fc5f7743993db1ebd891042, type: 3}
      propertyPath: m_LocalRotation.z
      value: 0
      objectReference: {fileID: 0}
    m_RemovedComponents: []
    m_RemovedGameObjects: []
    m_AddedGameObjects: []
    m_AddedComponents: []
  m_SourcePrefab: {fileID: 100100000, guid: 5601521e5fc5f7743993db1ebd891042, type: 3}
--- !u!4 &7040941039595503238 stripped
Transform:
  m_CorrespondingSourceObject: {fileID: 405850, guid: 5601521e5fc5f7743993db1ebd891042, type: 3}
  m_PrefabInstance: {fileID: 7040941039595098076}
  m_PrefabAsset: {fileID: 0}
--- !u!1001 &7488180002697629446
PrefabInstance:
  m_ObjectHideFlags: 0
  serializedVersion: 2
  m_Modification:
    serializedVersion: 3
    m_TransformParent: {fileID: 8945981681571661019}
    m_Modifications:
    - target: {fileID: 124836, guid: b4bb1f5d4e31a07409ece01b4cf53b22, type: 3}
      propertyPath: m_Name
      value: Struct_Fence1_Mid_A 11
      objectReference: {fileID: 0}
    - target: {fileID: 464194, guid: b4bb1f5d4e31a07409ece01b4cf53b22, type: 3}
      propertyPath: m_RootOrder
      value: 4412
      objectReference: {fileID: 0}
    - target: {fileID: 464194, guid: b4bb1f5d4e31a07409ece01b4cf53b22, type: 3}
      propertyPath: m_LocalPosition.x
      value: 643.44
      objectReference: {fileID: 0}
    - target: {fileID: 464194, guid: b4bb1f5d4e31a07409ece01b4cf53b22, type: 3}
      propertyPath: m_LocalPosition.y
      value: 16.19
      objectReference: {fileID: 0}
    - target: {fileID: 464194, guid: b4bb1f5d4e31a07409ece01b4cf53b22, type: 3}
      propertyPath: m_LocalPosition.z
      value: 456.61
      objectReference: {fileID: 0}
    - target: {fileID: 464194, guid: b4bb1f5d4e31a07409ece01b4cf53b22, type: 3}
      propertyPath: m_LocalRotation.w
      value: 0.7071076
      objectReference: {fileID: 0}
    - target: {fileID: 464194, guid: b4bb1f5d4e31a07409ece01b4cf53b22, type: 3}
      propertyPath: m_LocalRotation.x
      value: -0
      objectReference: {fileID: 0}
    - target: {fileID: 464194, guid: b4bb1f5d4e31a07409ece01b4cf53b22, type: 3}
      propertyPath: m_LocalRotation.y
      value: 0.707106
      objectReference: {fileID: 0}
    - target: {fileID: 464194, guid: b4bb1f5d4e31a07409ece01b4cf53b22, type: 3}
      propertyPath: m_LocalRotation.z
      value: -0
      objectReference: {fileID: 0}
    m_RemovedComponents: []
    m_RemovedGameObjects: []
    m_AddedGameObjects: []
    m_AddedComponents: []
  m_SourcePrefab: {fileID: 100100000, guid: b4bb1f5d4e31a07409ece01b4cf53b22, type: 3}
--- !u!4 &7488180002697960004 stripped
Transform:
  m_CorrespondingSourceObject: {fileID: 464194, guid: b4bb1f5d4e31a07409ece01b4cf53b22, type: 3}
  m_PrefabInstance: {fileID: 7488180002697629446}
  m_PrefabAsset: {fileID: 0}
--- !u!1001 &7525044568147333215
PrefabInstance:
  m_ObjectHideFlags: 0
  serializedVersion: 2
  m_Modification:
    serializedVersion: 3
    m_TransformParent: {fileID: 8945981681571661019}
    m_Modifications:
    - target: {fileID: 136794, guid: 513a0e1241d2a72459d1db2f9dc27f3e, type: 3}
      propertyPath: m_Name
      value: Prop_Gravestone_C 10
      objectReference: {fileID: 0}
    - target: {fileID: 405124, guid: 513a0e1241d2a72459d1db2f9dc27f3e, type: 3}
      propertyPath: m_RootOrder
      value: 4101
      objectReference: {fileID: 0}
    - target: {fileID: 405124, guid: 513a0e1241d2a72459d1db2f9dc27f3e, type: 3}
      propertyPath: m_LocalPosition.x
      value: 615.82
      objectReference: {fileID: 0}
    - target: {fileID: 405124, guid: 513a0e1241d2a72459d1db2f9dc27f3e, type: 3}
      propertyPath: m_LocalPosition.y
      value: 16.58
      objectReference: {fileID: 0}
    - target: {fileID: 405124, guid: 513a0e1241d2a72459d1db2f9dc27f3e, type: 3}
      propertyPath: m_LocalPosition.z
      value: 461.65
      objectReference: {fileID: 0}
    - target: {fileID: 405124, guid: 513a0e1241d2a72459d1db2f9dc27f3e, type: 3}
      propertyPath: m_LocalRotation.w
      value: -0.00000004555868
      objectReference: {fileID: 0}
    - target: {fileID: 405124, guid: 513a0e1241d2a72459d1db2f9dc27f3e, type: 3}
      propertyPath: m_LocalRotation.x
      value: 0.040835284
      objectReference: {fileID: 0}
    - target: {fileID: 405124, guid: 513a0e1241d2a72459d1db2f9dc27f3e, type: 3}
      propertyPath: m_LocalRotation.y
      value: -0.9991659
      objectReference: {fileID: 0}
    - target: {fileID: 405124, guid: 513a0e1241d2a72459d1db2f9dc27f3e, type: 3}
      propertyPath: m_LocalRotation.z
      value: -0.000000020011983
      objectReference: {fileID: 0}
    m_RemovedComponents: []
    m_RemovedGameObjects: []
    m_AddedGameObjects: []
    m_AddedComponents: []
  m_SourcePrefab: {fileID: 100100000, guid: 513a0e1241d2a72459d1db2f9dc27f3e, type: 3}
--- !u!4 &7525044568146951899 stripped
Transform:
  m_CorrespondingSourceObject: {fileID: 405124, guid: 513a0e1241d2a72459d1db2f9dc27f3e, type: 3}
  m_PrefabInstance: {fileID: 7525044568147333215}
  m_PrefabAsset: {fileID: 0}
--- !u!1001 &7801473880888279436
PrefabInstance:
  m_ObjectHideFlags: 0
  serializedVersion: 2
  m_Modification:
    serializedVersion: 3
    m_TransformParent: {fileID: 8945981681571661019}
    m_Modifications:
    - target: {fileID: 124836, guid: b4bb1f5d4e31a07409ece01b4cf53b22, type: 3}
      propertyPath: m_Name
      value: Struct_Fence1_Mid_A 5
      objectReference: {fileID: 0}
    - target: {fileID: 464194, guid: b4bb1f5d4e31a07409ece01b4cf53b22, type: 3}
      propertyPath: m_RootOrder
      value: 4613
      objectReference: {fileID: 0}
    - target: {fileID: 464194, guid: b4bb1f5d4e31a07409ece01b4cf53b22, type: 3}
      propertyPath: m_LocalPosition.x
      value: 643.44
      objectReference: {fileID: 0}
    - target: {fileID: 464194, guid: b4bb1f5d4e31a07409ece01b4cf53b22, type: 3}
      propertyPath: m_LocalPosition.y
      value: 16.19
      objectReference: {fileID: 0}
    - target: {fileID: 464194, guid: b4bb1f5d4e31a07409ece01b4cf53b22, type: 3}
      propertyPath: m_LocalPosition.z
      value: 425.58
      objectReference: {fileID: 0}
    - target: {fileID: 464194, guid: b4bb1f5d4e31a07409ece01b4cf53b22, type: 3}
      propertyPath: m_LocalRotation.w
      value: 0.7071076
      objectReference: {fileID: 0}
    - target: {fileID: 464194, guid: b4bb1f5d4e31a07409ece01b4cf53b22, type: 3}
      propertyPath: m_LocalRotation.x
      value: -0
      objectReference: {fileID: 0}
    - target: {fileID: 464194, guid: b4bb1f5d4e31a07409ece01b4cf53b22, type: 3}
      propertyPath: m_LocalRotation.y
      value: 0.707106
      objectReference: {fileID: 0}
    - target: {fileID: 464194, guid: b4bb1f5d4e31a07409ece01b4cf53b22, type: 3}
      propertyPath: m_LocalRotation.z
      value: -0
      objectReference: {fileID: 0}
    m_RemovedComponents: []
    m_RemovedGameObjects: []
    m_AddedGameObjects: []
    m_AddedComponents: []
  m_SourcePrefab: {fileID: 100100000, guid: b4bb1f5d4e31a07409ece01b4cf53b22, type: 3}
--- !u!4 &7801473880888087758 stripped
Transform:
  m_CorrespondingSourceObject: {fileID: 464194, guid: b4bb1f5d4e31a07409ece01b4cf53b22, type: 3}
  m_PrefabInstance: {fileID: 7801473880888279436}
  m_PrefabAsset: {fileID: 0}
--- !u!1001 &8015680014361816201
PrefabInstance:
  m_ObjectHideFlags: 0
  serializedVersion: 2
  m_Modification:
    serializedVersion: 3
    m_TransformParent: {fileID: 8945981681571661019}
    m_Modifications:
    - target: {fileID: 124836, guid: b4bb1f5d4e31a07409ece01b4cf53b22, type: 3}
      propertyPath: m_Name
      value: Struct_Fence1_Mid_A 12
      objectReference: {fileID: 0}
    - target: {fileID: 464194, guid: b4bb1f5d4e31a07409ece01b4cf53b22, type: 3}
      propertyPath: m_RootOrder
      value: 4609
      objectReference: {fileID: 0}
    - target: {fileID: 464194, guid: b4bb1f5d4e31a07409ece01b4cf53b22, type: 3}
      propertyPath: m_LocalPosition.x
      value: 651.94
      objectReference: {fileID: 0}
    - target: {fileID: 464194, guid: b4bb1f5d4e31a07409ece01b4cf53b22, type: 3}
      propertyPath: m_LocalPosition.y
      value: 16.19
      objectReference: {fileID: 0}
    - target: {fileID: 464194, guid: b4bb1f5d4e31a07409ece01b4cf53b22, type: 3}
      propertyPath: m_LocalPosition.z
      value: 431.58
      objectReference: {fileID: 0}
    - target: {fileID: 464194, guid: b4bb1f5d4e31a07409ece01b4cf53b22, type: 3}
      propertyPath: m_LocalRotation.w
      value: 0.7071076
      objectReference: {fileID: 0}
    - target: {fileID: 464194, guid: b4bb1f5d4e31a07409ece01b4cf53b22, type: 3}
      propertyPath: m_LocalRotation.x
      value: -0
      objectReference: {fileID: 0}
    - target: {fileID: 464194, guid: b4bb1f5d4e31a07409ece01b4cf53b22, type: 3}
      propertyPath: m_LocalRotation.y
      value: 0.707106
      objectReference: {fileID: 0}
    - target: {fileID: 464194, guid: b4bb1f5d4e31a07409ece01b4cf53b22, type: 3}
      propertyPath: m_LocalRotation.z
      value: -0
      objectReference: {fileID: 0}
    m_RemovedComponents: []
    m_RemovedGameObjects: []
    m_AddedGameObjects: []
    m_AddedComponents: []
  m_SourcePrefab: {fileID: 100100000, guid: b4bb1f5d4e31a07409ece01b4cf53b22, type: 3}
--- !u!4 &8015680014361885131 stripped
Transform:
  m_CorrespondingSourceObject: {fileID: 464194, guid: b4bb1f5d4e31a07409ece01b4cf53b22, type: 3}
  m_PrefabInstance: {fileID: 8015680014361816201}
  m_PrefabAsset: {fileID: 0}
--- !u!1001 &8120788753676505884
PrefabInstance:
  m_ObjectHideFlags: 0
  serializedVersion: 2
  m_Modification:
    serializedVersion: 3
    m_TransformParent: {fileID: 8945981681571661019}
    m_Modifications:
    - target: {fileID: 124836, guid: b4bb1f5d4e31a07409ece01b4cf53b22, type: 3}
      propertyPath: m_Name
      value: Struct_Fence1_Mid_A 13
      objectReference: {fileID: 0}
    - target: {fileID: 464194, guid: b4bb1f5d4e31a07409ece01b4cf53b22, type: 3}
      propertyPath: m_RootOrder
      value: 4596
      objectReference: {fileID: 0}
    - target: {fileID: 464194, guid: b4bb1f5d4e31a07409ece01b4cf53b22, type: 3}
      propertyPath: m_LocalPosition.x
      value: 651.94
      objectReference: {fileID: 0}
    - target: {fileID: 464194, guid: b4bb1f5d4e31a07409ece01b4cf53b22, type: 3}
      propertyPath: m_LocalPosition.y
      value: 16.19
      objectReference: {fileID: 0}
    - target: {fileID: 464194, guid: b4bb1f5d4e31a07409ece01b4cf53b22, type: 3}
      propertyPath: m_LocalPosition.z
      value: 443.58
      objectReference: {fileID: 0}
    - target: {fileID: 464194, guid: b4bb1f5d4e31a07409ece01b4cf53b22, type: 3}
      propertyPath: m_LocalRotation.w
      value: 0.7071076
      objectReference: {fileID: 0}
    - target: {fileID: 464194, guid: b4bb1f5d4e31a07409ece01b4cf53b22, type: 3}
      propertyPath: m_LocalRotation.x
      value: -0
      objectReference: {fileID: 0}
    - target: {fileID: 464194, guid: b4bb1f5d4e31a07409ece01b4cf53b22, type: 3}
      propertyPath: m_LocalRotation.y
      value: 0.707106
      objectReference: {fileID: 0}
    - target: {fileID: 464194, guid: b4bb1f5d4e31a07409ece01b4cf53b22, type: 3}
      propertyPath: m_LocalRotation.z
      value: -0
      objectReference: {fileID: 0}
    m_RemovedComponents: []
    m_RemovedGameObjects: []
    m_AddedGameObjects: []
    m_AddedComponents: []
  m_SourcePrefab: {fileID: 100100000, guid: b4bb1f5d4e31a07409ece01b4cf53b22, type: 3}
--- !u!4 &8120788753676961374 stripped
Transform:
  m_CorrespondingSourceObject: {fileID: 464194, guid: b4bb1f5d4e31a07409ece01b4cf53b22, type: 3}
  m_PrefabInstance: {fileID: 8120788753676505884}
  m_PrefabAsset: {fileID: 0}
--- !u!1001 &8299141094535680094
PrefabInstance:
  m_ObjectHideFlags: 0
  serializedVersion: 2
  m_Modification:
    serializedVersion: 3
    m_TransformParent: {fileID: 8945981681571661019}
    m_Modifications:
    - target: {fileID: 469502, guid: 04c36f15bbecd854cab50deedb5c594f, type: 3}
      propertyPath: m_RootOrder
      value: 1001
      objectReference: {fileID: 0}
    - target: {fileID: 469502, guid: 04c36f15bbecd854cab50deedb5c594f, type: 3}
      propertyPath: m_LocalScale.x
      value: -1
      objectReference: {fileID: 0}
    - target: {fileID: 469502, guid: 04c36f15bbecd854cab50deedb5c594f, type: 3}
      propertyPath: m_LocalPosition.x
      value: 625
      objectReference: {fileID: 0}
    - target: {fileID: 469502, guid: 04c36f15bbecd854cab50deedb5c594f, type: 3}
      propertyPath: m_LocalPosition.y
      value: 16.5
      objectReference: {fileID: 0}
    - target: {fileID: 469502, guid: 04c36f15bbecd854cab50deedb5c594f, type: 3}
      propertyPath: m_LocalPosition.z
      value: 425
      objectReference: {fileID: 0}
    - target: {fileID: 469502, guid: 04c36f15bbecd854cab50deedb5c594f, type: 3}
      propertyPath: m_LocalRotation.w
      value: 0.000002324581
      objectReference: {fileID: 0}
    - target: {fileID: 469502, guid: 04c36f15bbecd854cab50deedb5c594f, type: 3}
      propertyPath: m_LocalRotation.x
      value: -0
      objectReference: {fileID: 0}
    - target: {fileID: 469502, guid: 04c36f15bbecd854cab50deedb5c594f, type: 3}
      propertyPath: m_LocalRotation.y
      value: -1
      objectReference: {fileID: 0}
    - target: {fileID: 469502, guid: 04c36f15bbecd854cab50deedb5c594f, type: 3}
      propertyPath: m_LocalRotation.z
      value: -0
      objectReference: {fileID: 0}
    m_RemovedComponents: []
    m_RemovedGameObjects: []
    m_AddedGameObjects: []
    m_AddedComponents: []
  m_SourcePrefab: {fileID: 100100000, guid: 04c36f15bbecd854cab50deedb5c594f, type: 3}
--- !u!4 &8299141094535494048 stripped
Transform:
  m_CorrespondingSourceObject: {fileID: 469502, guid: 04c36f15bbecd854cab50deedb5c594f, type: 3}
  m_PrefabInstance: {fileID: 8299141094535680094}
  m_PrefabAsset: {fileID: 0}
--- !u!1001 &8642600039917655905
PrefabInstance:
  m_ObjectHideFlags: 0
  serializedVersion: 2
  m_Modification:
    serializedVersion: 3
    m_TransformParent: {fileID: 8945981681571661019}
    m_Modifications:
    - target: {fileID: 175396, guid: 7e6af4e8360e4b342840a974109fcaed, type: 3}
      propertyPath: m_Name
      value: Prop_Gravestone_D 6
      objectReference: {fileID: 0}
    - target: {fileID: 418336, guid: 7e6af4e8360e4b342840a974109fcaed, type: 3}
      propertyPath: m_RootOrder
      value: 4084
      objectReference: {fileID: 0}
    - target: {fileID: 418336, guid: 7e6af4e8360e4b342840a974109fcaed, type: 3}
      propertyPath: m_LocalPosition.x
      value: 620.8
      objectReference: {fileID: 0}
    - target: {fileID: 418336, guid: 7e6af4e8360e4b342840a974109fcaed, type: 3}
      propertyPath: m_LocalPosition.y
      value: 16.76
      objectReference: {fileID: 0}
    - target: {fileID: 418336, guid: 7e6af4e8360e4b342840a974109fcaed, type: 3}
      propertyPath: m_LocalPosition.z
      value: 455.37
      objectReference: {fileID: 0}
    - target: {fileID: 418336, guid: 7e6af4e8360e4b342840a974109fcaed, type: 3}
      propertyPath: m_LocalRotation.w
      value: -0.00000016391277
      objectReference: {fileID: 0}
    - target: {fileID: 418336, guid: 7e6af4e8360e4b342840a974109fcaed, type: 3}
      propertyPath: m_LocalRotation.x
      value: -5.107026e-15
      objectReference: {fileID: 0}
    - target: {fileID: 418336, guid: 7e6af4e8360e4b342840a974109fcaed, type: 3}
      propertyPath: m_LocalRotation.y
      value: -1
      objectReference: {fileID: 0}
    - target: {fileID: 418336, guid: 7e6af4e8360e4b342840a974109fcaed, type: 3}
      propertyPath: m_LocalRotation.z
      value: -0.0000000218557
      objectReference: {fileID: 0}
    m_RemovedComponents: []
    m_RemovedGameObjects: []
    m_AddedGameObjects: []
    m_AddedComponents: []
  m_SourcePrefab: {fileID: 100100000, guid: 7e6af4e8360e4b342840a974109fcaed, type: 3}
--- !u!4 &8642600039918073153 stripped
Transform:
  m_CorrespondingSourceObject: {fileID: 418336, guid: 7e6af4e8360e4b342840a974109fcaed, type: 3}
  m_PrefabInstance: {fileID: 8642600039917655905}
  m_PrefabAsset: {fileID: 0}
--- !u!1001 &9019183562475686781
PrefabInstance:
  m_ObjectHideFlags: 0
  serializedVersion: 2
  m_Modification:
    serializedVersion: 3
    m_TransformParent: {fileID: 8945981681571661019}
    m_Modifications:
    - target: {fileID: 105984, guid: 1eb5970d54060cd4fa9d893223f463e4, type: 3}
      propertyPath: m_Name
      value: Prop_Gravestone_A 3
      objectReference: {fileID: 0}
    - target: {fileID: 484950, guid: 1eb5970d54060cd4fa9d893223f463e4, type: 3}
      propertyPath: m_RootOrder
      value: 4154
      objectReference: {fileID: 0}
    - target: {fileID: 484950, guid: 1eb5970d54060cd4fa9d893223f463e4, type: 3}
      propertyPath: m_LocalScale.y
      value: 1
      objectReference: {fileID: 0}
    - target: {fileID: 484950, guid: 1eb5970d54060cd4fa9d893223f463e4, type: 3}
      propertyPath: m_LocalScale.z
      value: 1
      objectReference: {fileID: 0}
    - target: {fileID: 484950, guid: 1eb5970d54060cd4fa9d893223f463e4, type: 3}
      propertyPath: m_LocalPosition.x
      value: 615.76
      objectReference: {fileID: 0}
    - target: {fileID: 484950, guid: 1eb5970d54060cd4fa9d893223f463e4, type: 3}
      propertyPath: m_LocalPosition.y
      value: 16.793
      objectReference: {fileID: 0}
    - target: {fileID: 484950, guid: 1eb5970d54060cd4fa9d893223f463e4, type: 3}
      propertyPath: m_LocalPosition.z
      value: 449.29
      objectReference: {fileID: 0}
    - target: {fileID: 484950, guid: 1eb5970d54060cd4fa9d893223f463e4, type: 3}
      propertyPath: m_LocalRotation.w
      value: 1
      objectReference: {fileID: 0}
    - target: {fileID: 484950, guid: 1eb5970d54060cd4fa9d893223f463e4, type: 3}
      propertyPath: m_LocalRotation.x
      value: -0
      objectReference: {fileID: 0}
    - target: {fileID: 484950, guid: 1eb5970d54060cd4fa9d893223f463e4, type: 3}
      propertyPath: m_LocalRotation.y
      value: -0
      objectReference: {fileID: 0}
    - target: {fileID: 484950, guid: 1eb5970d54060cd4fa9d893223f463e4, type: 3}
      propertyPath: m_LocalRotation.z
      value: -0
      objectReference: {fileID: 0}
    m_RemovedComponents: []
    m_RemovedGameObjects: []
    m_AddedGameObjects: []
    m_AddedComponents: []
  m_SourcePrefab: {fileID: 100100000, guid: 1eb5970d54060cd4fa9d893223f463e4, type: 3}
--- !u!4 &9019183562475220267 stripped
Transform:
  m_CorrespondingSourceObject: {fileID: 484950, guid: 1eb5970d54060cd4fa9d893223f463e4, type: 3}
  m_PrefabInstance: {fileID: 9019183562475686781}
  m_PrefabAsset: {fileID: 0}
--- !u!1001 &9073300448711765492
PrefabInstance:
  m_ObjectHideFlags: 0
  serializedVersion: 2
  m_Modification:
    serializedVersion: 3
    m_TransformParent: {fileID: 8945981681571661019}
    m_Modifications:
    - target: {fileID: 124836, guid: b4bb1f5d4e31a07409ece01b4cf53b22, type: 3}
      propertyPath: m_Name
      value: Struct_Fence1_Mid_A 10
      objectReference: {fileID: 0}
    - target: {fileID: 464194, guid: b4bb1f5d4e31a07409ece01b4cf53b22, type: 3}
      propertyPath: m_RootOrder
      value: 4608
      objectReference: {fileID: 0}
    - target: {fileID: 464194, guid: b4bb1f5d4e31a07409ece01b4cf53b22, type: 3}
      propertyPath: m_LocalPosition.x
      value: 651.94
      objectReference: {fileID: 0}
    - target: {fileID: 464194, guid: b4bb1f5d4e31a07409ece01b4cf53b22, type: 3}
      propertyPath: m_LocalPosition.y
      value: 16.19
      objectReference: {fileID: 0}
    - target: {fileID: 464194, guid: b4bb1f5d4e31a07409ece01b4cf53b22, type: 3}
      propertyPath: m_LocalPosition.z
      value: 425.58
      objectReference: {fileID: 0}
    - target: {fileID: 464194, guid: b4bb1f5d4e31a07409ece01b4cf53b22, type: 3}
      propertyPath: m_LocalRotation.w
      value: 0.7071076
      objectReference: {fileID: 0}
    - target: {fileID: 464194, guid: b4bb1f5d4e31a07409ece01b4cf53b22, type: 3}
      propertyPath: m_LocalRotation.x
      value: -0
      objectReference: {fileID: 0}
    - target: {fileID: 464194, guid: b4bb1f5d4e31a07409ece01b4cf53b22, type: 3}
      propertyPath: m_LocalRotation.y
      value: 0.707106
      objectReference: {fileID: 0}
    - target: {fileID: 464194, guid: b4bb1f5d4e31a07409ece01b4cf53b22, type: 3}
      propertyPath: m_LocalRotation.z
      value: -0
      objectReference: {fileID: 0}
    m_RemovedComponents: []
    m_RemovedGameObjects: []
    m_AddedGameObjects: []
    m_AddedComponents: []
  m_SourcePrefab: {fileID: 100100000, guid: b4bb1f5d4e31a07409ece01b4cf53b22, type: 3}
--- !u!4 &9073300448711833782 stripped
Transform:
  m_CorrespondingSourceObject: {fileID: 464194, guid: b4bb1f5d4e31a07409ece01b4cf53b22, type: 3}
  m_PrefabInstance: {fileID: 9073300448711765492}
  m_PrefabAsset: {fileID: 0}
